Workbook

Sheet MATRIZ GENERAL
A3: CENTRO ZONAL | B3: ZONA | C3: SITCO | D3: PACCO | E3: CDP | F3: RP | G3: MUNICIPIO | H3: SERVICIO 2025 | I3: NOMBRE DEL SERVICIO SIM (INFORMATIVO) | J3: OBJETO | K3: RUBRO | L3: RECURSO | M3: NIT | N3: EAS | O3: PLAZO DE EJECUCION | P3: UDS | Q3: CUPOS | R3: VALOR 2025 | S3: VALOR APORTE ICBF POR CONTRATO | T3: VALOR CONTRAPARTIDA | U3: VALOR TOTAL CONTRATO | V3: FEBRERO | W3: MARZO | X3: ABRIL | Y3: MAYO | Z3: JUNIO | AA3: JULIO | AB3: AGOSTO | AC3: SEPTIEMBRE | AD3: VALOR TOTAL | AE3: VALIDACION
A4: CZ BARBACOAS | B4: 1310 | G4: Barbacoas | H4: CENTRO DE DESARROLLO INFANTIL A SIN RACION - INSTITUCIONAL | I4: Centro de Desarrollo Infantil - A – Institucional | J4: Prestar los servicios de educación inicial en el marco de la atención Integral a la primera infancia de conformidad con los Manuales Técnicos, Guías Operativas para la Atención a la Primera Infancia y los lineamientos establecidos por el ICBF, en armonía con la Política de Estado para el Desarrollo Integral de la Primera Infancia de “Cero a Siempre. | K4: C-4602-1500-9-704020-4602020-02 | L4: 10 | M4: 901086934 | N4: FUNDACIÓN NIÑOS DEL PACIFICO | O4: 45930 | P4: 2 | Q4: 140 | R4: 413938840 | S4: =IF(B4=B3,0,SUMIFS($R$4:$R$95,$B$4:$B$95,B4)) -> 2238760381 | T4: =ROUND((S4*2%),0) -> 44775208 | U4: =S4+T4 -> 2283535589 | V4: =VLOOKUP(H4,'PARAMETRIZACION '!$A$4:$F$15,4,FALSE)*Q4+(VLOOKUP(H4,'PARAMETRIZACION '!$A$4:$F$15,6,FALSE)*Q4) -> 71732640 | W4: =VLOOKUP(H4,'PARAMETRIZACION '!$A$4:$F$15,6,FALSE)*Q4 -> 48886600 | X4: =VLOOKUP(H4,'PARAMETRIZACION '!$A$4:$F$15,6,FALSE)*Q4 -> 48886600 | Y4: =VLOOKUP(H4,'PARAMETRIZACION '!$A$4:$F$15,6,FALSE)*Q4 -> 48886600 | Z4: =VLOOKUP(H4,'PARAMETRIZACION '!$A$4:$F$15,6,FALSE)*Q4 -> 48886600 | AA4: =VLOOKUP(H4,'PARAMETRIZACION '!$A$4:$F$15,6,FALSE)*Q4 -> 48886600 | AB4: =VLOOKUP(H4,'PARAMETRIZACION '!$A$4:$F$15,6,FALSE)*Q4 -> 48886600 | AC4: =VLOOKUP(H4,'PARAMETRIZACION '!$A$4:$F$15,6,FALSE)*Q4 -> 48886600 | AD4: =SUM(V4:AC4) -> 413938840 | AE4: =R4-AD4 -> 0
A5: CZ BARBACOAS | B5: 1310 | G5: Barbacoas | H5: EDUCACIÓN INICIAL CAMPESINA A SIN RACION - PROPIA E INTERCULTURAL | I5: Educación Inicial Campesina - A - Propia e Intercultural | J5: Prestar los servicios de educación inicial en el marco de la atención Integral a la primera infancia de conformidad con los Manuales Técnicos, Guías Operativas para la Atención a la Primera Infancia y los lineamientos establecidos por el ICBF, en armonía con la Política de Estado para el Desarrollo Integral de la Primera Infancia de “Cero a Siempre. | K5: C-4602-1500-9-704020-4602020-02 | L5: 10 | M5: 901086934 | N5: FUNDACIÓN NIÑOS DEL PACIFICO | O5: 45930 | P5: 17 | Q5: 837 | R5: 1824821541 | S5: =IF(B5=B4,0,SUMIFS($R$4:$R$95,$B$4:$B$95,B5)) -> 0 | T5: =ROUND((S5*2%),0) -> 0 | U5: =S5+T5 -> 0 | V5: =VLOOKUP(H5,'PARAMETRIZACION '!$A$4:$F$15,4,FALSE)*Q5+(VLOOKUP(H5,'PARAMETRIZACION '!$A$4:$F$15,6,FALSE)*Q5) -> 315625167 | W5: =VLOOKUP(H5,'PARAMETRIZACION '!$A$4:$F$15,6,FALSE)*Q5 -> 215599482 | X5: =VLOOKUP(H5,'PARAMETRIZACION '!$A$4:$F$15,6,FALSE)*Q5 -> 215599482 | Y5: =VLOOKUP(H5,'PARAMETRIZACION '!$A$4:$F$15,6,FALSE)*Q5 -> 215599482 | Z5: =VLOOKUP(H5,'PARAMETRIZACION '!$A$4:$F$15,6,FALSE)*Q5 -> 215599482 | AA5: =VLOOKUP(H5,'PARAMETRIZACION '!$A$4:$F$15,6,FALSE)*Q5 -> 215599482 | AB5: =VLOOKUP(H5,'PARAMETRIZACION '!$A$4:$F$15,6,FALSE)*Q5 -> 215599482 | AC5: =VLOOKUP(H5,'PARAMETRIZACION '!$A$4:$F$15,6,FALSE)*Q5 -> 215599482 | AD5: =SUM(V5:AC5) -> 1824821541 | AE5: =R5-AD5 -> 0
A6: CZ BARBACOAS | B6: 1347 | G6: Roberto Payan | H6: CENTRO DE DESARROLLO INFANTIL A SIN RACION - INSTITUCIONAL | I6: Centro de Desarrollo Infantil - A – Institucional | J6: Prestar los servicios de educación inicial en el marco de la atención Integral a la primera infancia de conformidad con los Manuales Técnicos, Guías Operativas para la Atención a la Primera Infancia y los lineamientos establecidos por el ICBF, en armonía con la Política de Estado para el Desarrollo Integral de la Primera Infancia de “Cero a Siempre. | K6: C-4602-1500-9-704020-4602020-02 | L6: 10 | M6: 805029466 | N6: ASOCIACION EMPRESARIAL DE SUMINISTROS Y SERVICIOS VARIOS | O6: 45930 | P6: 5 | Q6: 134 | R6: 396198604 | S6: =IF(B6=B5,0,SUMIFS($R$4:$R$95,$B$4:$B$95,B6)) -> 941246854 | T6: =ROUND((S6*2%),0) -> 18824937 | U6: =S6+T6 -> 960071791 | V6: =VLOOKUP(H6,'PARAMETRIZACION '!$A$4:$F$15,4,FALSE)*Q6+(VLOOKUP(H6,'PARAMETRIZACION '!$A$4:$F$15,6,FALSE)*Q6) -> 68658384 | W6: =VLOOKUP(H6,'PARAMETRIZACION '!$A$4:$F$15,6,FALSE)*Q6 -> 46791460 | X6: =VLOOKUP(H6,'PARAMETRIZACION '!$A$4:$F$15,6,FALSE)*Q6 -> 46791460 | Y6: =VLOOKUP(H6,'PARAMETRIZACION '!$A$4:$F$15,6,FALSE)*Q6 -> 46791460 | Z6: =VLOOKUP(H6,'PARAMETRIZACION '!$A$4:$F$15,6,FALSE)*Q6 -> 46791460 | AA6: =VLOOKUP(H6,'PARAMETRIZACION '!$A$4:$F$15,6,FALSE)*Q6 -> 46791460 | AB6: =VLOOKUP(H6,'PARAMETRIZACION '!$A$4:$F$15,6,FALSE)*Q6 -> 46791460 | AC6: =VLOOKUP(H6,'PARAMETRIZACION '!$A$4:$F$15,6,FALSE)*Q6 -> 46791460 | AD6: =SUM(V6:AC6) -> 396198604 | AE6: =R6-AD6 -> 0
A7: CZ BARBACOAS | B7: 1347 | G7: Roberto Payan | H7: EDUCACIÓN INICIAL CAMPESINA A SIN RACION - PROPIA E INTERCULTURAL | I7: Educación Inicial Campesina - A - Propia e Intercultural | J7: Prestar los servicios de educación inicial en el marco de la atención Integral a la primera infancia de conformidad con los Manuales Técnicos, Guías Operativas para la Atención a la Primera Infancia y los lineamientos establecidos por el ICBF, en armonía con la Política de Estado para el Desarrollo Integral de la Primera Infancia de “Cero a Siempre. | K7: C-4602-1500-9-704020-4602020-02 | L7: 10 | M7: 805029466 | N7: ASOCIACION EMPRESARIAL DE SUMINISTROS Y SERVICIOS VARIOS | O7: 45930 | P7: 5 | Q7: 250 | R7: 545048250 | S7: =IF(B7=B6,0,SUMIFS($R$4:$R$95,$B$4:$B$95,B7)) -> 0 | T7: =ROUND((S7*2%),0) -> 0 | U7: =S7+T7 -> 0 | V7: =VLOOKUP(H7,'PARAMETRIZACION '!$A$4:$F$15,4,FALSE)*Q7+(VLOOKUP(H7,'PARAMETRIZACION '!$A$4:$F$15,6,FALSE)*Q7) -> 94272750 | W7: =VLOOKUP(H7,'PARAMETRIZACION '!$A$4:$F$15,6,FALSE)*Q7 -> 64396500 | X7: =VLOOKUP(H7,'PARAMETRIZACION '!$A$4:$F$15,6,FALSE)*Q7 -> 64396500 | Y7: =VLOOKUP(H7,'PARAMETRIZACION '!$A$4:$F$15,6,FALSE)*Q7 -> 64396500 | Z7: =VLOOKUP(H7,'PARAMETRIZACION '!$A$4:$F$15,6,FALSE)*Q7 -> 64396500 | AA7: =VLOOKUP(H7,'PARAMETRIZACION '!$A$4:$F$15,6,FALSE)*Q7 -> 64396500 | AB7: =VLOOKUP(H7,'PARAMETRIZACION '!$A$4:$F$15,6,FALSE)*Q7 -> 64396500 | AC7: =VLOOKUP(H7,'PARAMETRIZACION '!$A$4:$F$15,6,FALSE)*Q7 -> 64396500 | AD7: =SUM(V7:AC7) -> 545048250 | AE7: =R7-AD7 -> 0
A8: CZ IPIALES | B8: 1308 | G8: Aldana | H8: CENTRO DE DESARROLLO INFANTIL A - INSTITUCIONAL | I8: Centro de Desarrollo Infantil - A – Institucional | J8: Prestar los servicios de educación inicial en el marco de la atención Integral a la primera infancia de conformidad con los Manuales Técnicos, Guías Operativas para la Atención a la Primera Infancia y los lineamientos establecidos por el ICBF, en armonía con la Política de Estado para el Desarrollo Integral de la Primera Infancia de “Cero a Siempre. | K8: C-4602-1500-9-704020-4602020-02 | L8: 10 | M8: 900032891 | N8: ASOCIACIÓN DE CABILDOS Y/O AUTORIDADES INDIGENAS DEL NUDO DE LOS PASTOS -SHAQUIÑAN | O8: 45930 | P8: 1 | Q8: 45 | R8: 188498250 | S8: =IF(B8=B7,0,SUMIFS($R$4:$R$95,$B$4:$B$95,B8)) -> 966076276 | T8: =ROUND((S8*2%),0) -> 19321526 | U8: =S8+T8 -> 985397802 | V8: =VLOOKUP(H8,'PARAMETRIZACION '!$A$4:$F$15,4,FALSE)*Q8+(VLOOKUP(H8,'PARAMETRIZACION '!$A$4:$F$15,6,FALSE)*Q8) -> 29987730 | W8: =VLOOKUP(H8,'PARAMETRIZACION '!$A$4:$F$15,6,FALSE)*Q8 -> 22644360 | X8: =VLOOKUP(H8,'PARAMETRIZACION '!$A$4:$F$15,6,FALSE)*Q8 -> 22644360 | Y8: =VLOOKUP(H8,'PARAMETRIZACION '!$A$4:$F$15,6,FALSE)*Q8 -> 22644360 | Z8: =VLOOKUP(H8,'PARAMETRIZACION '!$A$4:$F$15,6,FALSE)*Q8 -> 22644360 | AA8: =VLOOKUP(H8,'PARAMETRIZACION '!$A$4:$F$15,6,FALSE)*Q8 -> 22644360 | AB8: =VLOOKUP(H8,'PARAMETRIZACION '!$A$4:$F$15,6,FALSE)*Q8 -> 22644360 | AC8: =VLOOKUP(H8,'PARAMETRIZACION '!$A$4:$F$15,6,FALSE)*Q8 -> 22644360 | AD8: =SUM(V8:AC8) -> 188498250 | AE8: =R8-AD8 -> 0
A9: CZ IPIALES | B9: 1308 | G9: Aldana | H9: CENTRO DE DESARROLLO INFANTIL CON ARRIENDO - INSTITUCIONAL | I9: Centro de Desarrollo Infantil - A – Institucional | J9: Prestar los servicios de educación inicial en el marco de la atención Integral a la primera infancia de conformidad con los Manuales Técnicos, Guías Operativas para la Atención a la Primera Infancia y los lineamientos establecidos por el ICBF, en armonía con la Política de Estado para el Desarrollo Integral de la Primera Infancia de “Cero a Siempre. | K9: C-4602-1500-9-704020-4602020-02 | L9: 10 | M9: 900032891 | N9: ASOCIACIÓN DE CABILDOS Y/O AUTORIDADES INDIGENAS DEL NUDO DE LOS PASTOS -SHAQUIÑAN | O9: 45930 | P9: 1 | Q9: 32 | R9: 138540864 | S9: =IF(B9=B8,0,SUMIFS($R$4:$R$95,$B$4:$B$95,B9)) -> 0 | T9: =ROUND((S9*2%),0) -> 0 | U9: =S9+T9 -> 0 | V9: =VLOOKUP(H9,'PARAMETRIZACION '!$A$4:$F$15,4,FALSE)*Q9+(VLOOKUP(H9,'PARAMETRIZACION '!$A$4:$F$15,6,FALSE)*Q9) -> 21886816 | W9: =VLOOKUP(H9,'PARAMETRIZACION '!$A$4:$F$15,6,FALSE)*Q9 -> 16664864 | X9: =VLOOKUP(H9,'PARAMETRIZACION '!$A$4:$F$15,6,FALSE)*Q9 -> 16664864 | Y9: =VLOOKUP(H9,'PARAMETRIZACION '!$A$4:$F$15,6,FALSE)*Q9 -> 16664864 | Z9: =VLOOKUP(H9,'PARAMETRIZACION '!$A$4:$F$15,6,FALSE)*Q9 -> 16664864 | AA9: =VLOOKUP(H9,'PARAMETRIZACION '!$A$4:$F$15,6,FALSE)*Q9 -> 16664864 | AB9: =VLOOKUP(H9,'PARAMETRIZACION '!$A$4:$F$15,6,FALSE)*Q9 -> 16664864 | AC9: =VLOOKUP(H9,'PARAMETRIZACION '!$A$4:$F$15,6,FALSE)*Q9 -> 16664864 | AD9: =SUM(V9:AC9) -> 138540864 | AE9: =R9-AD9 -> 0
A10: CZ IPIALES | B10: 1308 | G10: Guachucal | H10: CENTRO DE DESARROLLO INFANTIL A - INSTITUCIONAL | I10: Centro de Desarrollo Infantil - A – Institucional | J10: Prestar los servicios de educación inicial en el marco de la atención Integral a la primera infancia de conformidad con los Manuales Técnicos, Guías Operativas para la Atención a la Primera Infancia y los lineamientos establecidos por el ICBF, en armonía con la Política de Estado para el Desarrollo Integral de la Primera Infancia de “Cero a Siempre. | K10: C-4602-1500-9-704020-4602020-02 | L10: 10 | M10: 900032891 | N10: ASOCIACIÓN DE CABILDOS Y/O AUTORIDADES INDIGENAS DEL NUDO DE LOS PASTOS -SHAQUIÑAN | O10: 45930 | P10: 1 | Q10: 43 | R10: 180120550 | S10: =IF(B10=B9,0,SUMIFS($R$4:$R$95,$B$4:$B$95,B10)) -> 0 | T10: =ROUND((S10*2%),0) -> 0 | U10: =S10+T10 -> 0 | V10: =VLOOKUP(H10,'PARAMETRIZACION '!$A$4:$F$15,4,FALSE)*Q10+(VLOOKUP(H10,'PARAMETRIZACION '!$A$4:$F$15,6,FALSE)*Q10) -> 28654942 | W10: =VLOOKUP(H10,'PARAMETRIZACION '!$A$4:$F$15,6,FALSE)*Q10 -> 21637944 | X10: =VLOOKUP(H10,'PARAMETRIZACION '!$A$4:$F$15,6,FALSE)*Q10 -> 21637944 | Y10: =VLOOKUP(H10,'PARAMETRIZACION '!$A$4:$F$15,6,FALSE)*Q10 -> 21637944 | Z10: =VLOOKUP(H10,'PARAMETRIZACION '!$A$4:$F$15,6,FALSE)*Q10 -> 21637944 | AA10: =VLOOKUP(H10,'PARAMETRIZACION '!$A$4:$F$15,6,FALSE)*Q10 -> 21637944 | AB10: =VLOOKUP(H10,'PARAMETRIZACION '!$A$4:$F$15,6,FALSE)*Q10 -> 21637944 | AC10: =VLOOKUP(H10,'PARAMETRIZACION '!$A$4:$F$15,6,FALSE)*Q10 -> 21637944 | AD10: =SUM(V10:AC10) -> 180120550 | AE10: =R10-AD10 -> 0
A11: CZ IPIALES | B11: 1308 | G11: Guachucal | H11: CENTRO DE DESARROLLO INFANTIL CON ARRIENDO - INSTITUCIONAL | I11: Centro de Desarrollo Infantil - A – Institucional | J11: Prestar los servicios de educación inicial en el marco de la atención Integral a la primera infancia de conformidad con los Manuales Técnicos, Guías Operativas para la Atención a la Primera Infancia y los lineamientos establecidos por el ICBF, en armonía con la Política de Estado para el Desarrollo Integral de la Primera Infancia de “Cero a Siempre. | K11: C-4602-1500-9-704020-4602020-02 | L11: 10 | M11: 900032891 | N11: ASOCIACIÓN DE CABILDOS Y/O AUTORIDADES INDIGENAS DEL NUDO DE LOS PASTOS -SHAQUIÑAN | O11: 45930 | P11: 3 | Q11: 106 | R11: 458916612 | S11: =IF(B11=B10,0,SUMIFS($R$4:$R$95,$B$4:$B$95,B11)) -> 0 | T11: =ROUND((S11*2%),0) -> 0 | U11: =S11+T11 -> 0 | V11: =VLOOKUP(H11,'PARAMETRIZACION '!$A$4:$F$15,4,FALSE)*Q11+(VLOOKUP(H11,'PARAMETRIZACION '!$A$4:$F$15,6,FALSE)*Q11) -> 72500078 | W11: =VLOOKUP(H11,'PARAMETRIZACION '!$A$4:$F$15,6,FALSE)*Q11 -> 55202362 | X11: =VLOOKUP(H11,'PARAMETRIZACION '!$A$4:$F$15,6,FALSE)*Q11 -> 55202362 | Y11: =VLOOKUP(H11,'PARAMETRIZACION '!$A$4:$F$15,6,FALSE)*Q11 -> 55202362 | Z11: =VLOOKUP(H11,'PARAMETRIZACION '!$A$4:$F$15,6,FALSE)*Q11 -> 55202362 | AA11: =VLOOKUP(H11,'PARAMETRIZACION '!$A$4:$F$15,6,FALSE)*Q11 -> 55202362 | AB11: =VLOOKUP(H11,'PARAMETRIZACION '!$A$4:$F$15,6,FALSE)*Q11 -> 55202362 | AC11: =VLOOKUP(H11,'PARAMETRIZACION '!$A$4:$F$15,6,FALSE)*Q11 -> 55202362 | AD11: =SUM(V11:AC11) -> 458916612 | AE11: =R11-AD11 -> 0
A12: CZ IPIALES | B12: 1315 | G12: Contadero | H12: CENTRO DE DESARROLLO INFANTIL A - INSTITUCIONAL | I12: Centro de Desarrollo Infantil - A – Institucional | J12: Prestar los servicios de educación inicial en el marco de la atención Integral a la primera infancia de conformidad con los Manuales Técnicos, Guías Operativas para la Atención a la Primera Infancia y los lineamientos establecidos por el ICBF, en armonía con la Política de Estado para el Desarrollo Integral de la Primera Infancia de “Cero a Siempre. | K12: C-4602-1500-9-704020-4602020-02 | L12: 10 | M12: 900032891 | N12: ASOCIACIÓN DE CABILDOS Y/O AUTORIDADES INDIGENAS DEL NUDO DE LOS PASTOS -SHAQUIÑAN | O12: 45930 | P12: 1 | Q12: 55 | R12: 230386750 | S12: =IF(B12=B11,0,SUMIFS($R$4:$R$95,$B$4:$B$95,B12)) -> 968756250 | T12: =ROUND((S12*2%),0) -> 19375125 | U12: =S12+T12 -> 988131375 | V12: =VLOOKUP(H12,'PARAMETRIZACION '!$A$4:$F$15,4,FALSE)*Q12+(VLOOKUP(H12,'PARAMETRIZACION '!$A$4:$F$15,6,FALSE)*Q12) -> 36651670 | W12: =VLOOKUP(H12,'PARAMETRIZACION '!$A$4:$F$15,6,FALSE)*Q12 -> 27676440 | X12: =VLOOKUP(H12,'PARAMETRIZACION '!$A$4:$F$15,6,FALSE)*Q12 -> 27676440 | Y12: =VLOOKUP(H12,'PARAMETRIZACION '!$A$4:$F$15,6,FALSE)*Q12 -> 27676440 | Z12: =VLOOKUP(H12,'PARAMETRIZACION '!$A$4:$F$15,6,FALSE)*Q12 -> 27676440 | AA12: =VLOOKUP(H12,'PARAMETRIZACION '!$A$4:$F$15,6,FALSE)*Q12 -> 27676440 | AB12: =VLOOKUP(H12,'PARAMETRIZACION '!$A$4:$F$15,6,FALSE)*Q12 -> 27676440 | AC12: =VLOOKUP(H12,'PARAMETRIZACION '!$A$4:$F$15,6,FALSE)*Q12 -> 27676440 | AD12: =SUM(V12:AC12) -> 230386750 | AE12: =R12-AD12 -> 0
A13: CZ IPIALES | B13: 1315 | G13: Cordoba | H13: CENTRO DE DESARROLLO INFANTIL A - INSTITUCIONAL | I13: Centro de Desarrollo Infantil - A – Institucional | J13: Prestar los servicios de educación inicial en el marco de la atención Integral a la primera infancia de conformidad con los Manuales Técnicos, Guías Operativas para la Atención a la Primera Infancia y los lineamientos establecidos por el ICBF, en armonía con la Política de Estado para el Desarrollo Integral de la Primera Infancia de “Cero a Siempre. | K13: C-4602-1500-9-704020-4602020-02 | L13: 10 | M13: 900032891 | N13: ASOCIACIÓN DE CABILDOS Y/O AUTORIDADES INDIGENAS DEL NUDO DE LOS PASTOS -SHAQUIÑAN | O13: 45930 | P13: 2 | Q13: 140 | R13: 586439000 | S13: =IF(B13=B12,0,SUMIFS($R$4:$R$95,$B$4:$B$95,B13)) -> 0 | T13: =ROUND((S13*2%),0) -> 0 | U13: =S13+T13 -> 0 | V13: =VLOOKUP(H13,'PARAMETRIZACION '!$A$4:$F$15,4,FALSE)*Q13+(VLOOKUP(H13,'PARAMETRIZACION '!$A$4:$F$15,6,FALSE)*Q13) -> 93295160 | W13: =VLOOKUP(H13,'PARAMETRIZACION '!$A$4:$F$15,6,FALSE)*Q13 -> 70449120 | X13: =VLOOKUP(H13,'PARAMETRIZACION '!$A$4:$F$15,6,FALSE)*Q13 -> 70449120 | Y13: =VLOOKUP(H13,'PARAMETRIZACION '!$A$4:$F$15,6,FALSE)*Q13 -> 70449120 | Z13: =VLOOKUP(H13,'PARAMETRIZACION '!$A$4:$F$15,6,FALSE)*Q13 -> 70449120 | AA13: =VLOOKUP(H13,'PARAMETRIZACION '!$A$4:$F$15,6,FALSE)*Q13 -> 70449120 | AB13: =VLOOKUP(H13,'PARAMETRIZACION '!$A$4:$F$15,6,FALSE)*Q13 -> 70449120 | AC13: =VLOOKUP(H13,'PARAMETRIZACION '!$A$4:$F$15,6,FALSE)*Q13 -> 70449120 | AD13: =SUM(V13:AC13) -> 586439000 | AE13: =R13-AD13 -> 0
A14: CZ IPIALES | B14: 1315 | G14: Cordoba | H14: EDUCACIÓN INICIAL EN EL HOGAR A SIN RACION - FAMILIAR Y COMUNITARIA | I14: Educación Inicial en el Hogar - A - Familiar y Comunitaria | J14: Prestar los servicios de educación inicial en el marco de la atención Integral a la primera infancia de conformidad con los Manuales Técnicos, Guías Operativas para la Atención a la Primera Infancia y los lineamientos establecidos por el ICBF, en armonía con la Política de Estado para el Desarrollo Integral de la Primera Infancia de “Cero a Siempre. | K14: C-4602-1500-9-704020-4602020-02 | L14: 10 | M14: 900032891 | N14: ASOCIACIÓN DE CABILDOS Y/O AUTORIDADES INDIGENAS DEL NUDO DE LOS PASTOS -SHAQUIÑAN | O14: 45930 | P14: 4 | Q14: 100 | R14: 151930500 | S14: =IF(B14=B13,0,SUMIFS($R$4:$R$95,$B$4:$B$95,B14)) -> 0 | T14: =ROUND((S14*2%),0) -> 0 | U14: =S14+T14 -> 0 | V14: =VLOOKUP(H14,'PARAMETRIZACION '!$A$4:$F$15,4,FALSE)*Q14+(VLOOKUP(H14,'PARAMETRIZACION '!$A$4:$F$15,6,FALSE)*Q14) -> 26392500 | W14: =VLOOKUP(H14,'PARAMETRIZACION '!$A$4:$F$15,6,FALSE)*Q14 -> 17934000 | X14: =VLOOKUP(H14,'PARAMETRIZACION '!$A$4:$F$15,6,FALSE)*Q14 -> 17934000 | Y14: =VLOOKUP(H14,'PARAMETRIZACION '!$A$4:$F$15,6,FALSE)*Q14 -> 17934000 | Z14: =VLOOKUP(H14,'PARAMETRIZACION '!$A$4:$F$15,6,FALSE)*Q14 -> 17934000 | AA14: =VLOOKUP(H14,'PARAMETRIZACION '!$A$4:$F$15,6,FALSE)*Q14 -> 17934000 | AB14: =VLOOKUP(H14,'PARAMETRIZACION '!$A$4:$F$15,6,FALSE)*Q14 -> 17934000 | AC14: =VLOOKUP(H14,'PARAMETRIZACION '!$A$4:$F$15,6,FALSE)*Q14 -> 17934000 | AD14: =SUM(V14:AC14) -> 151930500 | AE14: =R14-AD14 -> 0
A15: CZ IPIALES | B15: 1316 | G15: Cuaspud | H15: CENTRO DE DESARROLLO INFANTIL A - INSTITUCIONAL | I15: Centro de Desarrollo Infantil - A – Institucional | J15: Prestar los servicios de educación inicial en el marco de la atención Integral a la primera infancia de conformidad con los Manuales Técnicos, Guías Operativas para la Atención a la Primera Infancia y los lineamientos establecidos por el ICBF, en armonía con la Política de Estado para el Desarrollo Integral de la Primera Infancia de “Cero a Siempre. | K15: C-4602-1500-9-704020-4602020-02 | L15: 10 | M15: 900032891 | N15: ASOCIACIÓN DE CABILDOS Y/O AUTORIDADES INDIGENAS DEL NUDO DE LOS PASTOS -SHAQUIÑAN | O15: 45930 | P15: 1 | Q15: 63 | R15: 263897550 | S15: =IF(B15=B14,0,SUMIFS($R$4:$R$95,$B$4:$B$95,B15)) -> 1231521900 | T15: =ROUND((S15*2%),0) -> 24630438 | U15: =S15+T15 -> 1256152338 | V15: =VLOOKUP(H15,'PARAMETRIZACION '!$A$4:$F$15,4,FALSE)*Q15+(VLOOKUP(H15,'PARAMETRIZACION '!$A$4:$F$15,6,FALSE)*Q15) -> 41982822 | W15: =VLOOKUP(H15,'PARAMETRIZACION '!$A$4:$F$15,6,FALSE)*Q15 -> 31702104 | X15: =VLOOKUP(H15,'PARAMETRIZACION '!$A$4:$F$15,6,FALSE)*Q15 -> 31702104 | Y15: =VLOOKUP(H15,'PARAMETRIZACION '!$A$4:$F$15,6,FALSE)*Q15 -> 31702104 | Z15: =VLOOKUP(H15,'PARAMETRIZACION '!$A$4:$F$15,6,FALSE)*Q15 -> 31702104 | AA15: =VLOOKUP(H15,'PARAMETRIZACION '!$A$4:$F$15,6,FALSE)*Q15 -> 31702104 | AB15: =VLOOKUP(H15,'PARAMETRIZACION '!$A$4:$F$15,6,FALSE)*Q15 -> 31702104 | AC15: =VLOOKUP(H15,'PARAMETRIZACION '!$A$4:$F$15,6,FALSE)*Q15 -> 31702104 | AD15: =SUM(V15:AC15) -> 263897550 | AE15: =R15-AD15 -> 0
... A44: CZ PASTO 1 | B44: 1306 | G44: Funes | H44: EDUCACIÓN INICIAL EN EL HOGAR A SIN RACION - FAMILIAR Y COMUNITARIA | I44: Educación Inicial en el Hogar - A - Familiar y Comunitaria | J44: Prestar los servicios de educación inicial en el marco de la atención Integral a la primera infancia de conformidad con los Manuales Técnicos, Guías Operativas para la Atención a la Primera Infancia y los lineamientos establecidos por el ICBF, en armonía con la Política de Estado para el Desarrollo Integral de la Primera Infancia de “Cero a Siempre. | K44: C-4602-1500-9-704020-4602020-02 | L44: 10 | M44: 901345939 | N44: FUNDACION ALMA DE VIDA | O44: 45930 | P44: 3 | Q44: 48 | R44: 72926640 | S44: =IF(B44=B43,0,SUMIFS($R$4:$R$95,$B$4:$B$95,B44)) -> 0 | T44: =ROUND((S44*2%),0) -> 0 | U44: =S44+T44 -> 0 | V44: =VLOOKUP(H44,'PARAMETRIZACION '!$A$4:$F$15,4,FALSE)*Q44+(VLOOKUP(H44,'PARAMETRIZACION '!$A$4:$F$15,6,FALSE)*Q44) -> 12668400 | W44: =VLOOKUP(H44,'PARAMETRIZACION '!$A$4:$F$15,6,FALSE)*Q44 -> 8608320 | X44: =VLOOKUP(H44,'PARAMETRIZACION '!$A$4:$F$15,6,FALSE)*Q44 -> 8608320 | Y44: =VLOOKUP(H44,'PARAMETRIZACION '!$A$4:$F$15,6,FALSE)*Q44 -> 8608320 | Z44: =VLOOKUP(H44,'PARAMETRIZACION '!$A$4:$F$15,6,FALSE)*Q44 -> 8608320 | AA44: =VLOOKUP(H44,'PARAMETRIZACION '!$A$4:$F$15,6,FALSE)*Q44 -> 8608320 | AB44: =VLOOKUP(H44,'PARAMETRIZACION '!$A$4:$F$15,6,FALSE)*Q44 -> 8608320 | AC44: =VLOOKUP(H44,'PARAMETRIZACION '!$A$4:$F$15,6,FALSE)*Q44 -> 8608320 | AD44: =SUM(V44:AC44) -> 72926640 | AE44: =R44-AD44 -> 0
A45: CZ PASTO 1 | B45: 1306 | G45: Tangua | H45: EDUCACIÓN INICIAL EN EL HOGAR A - FAMILIAR Y COMUNITARIA | I45: Educación Inicial en el Hogar - A - Familiar y Comunitaria | J45: Prestar los servicios de educación inicial en el marco de la atención Integral a la primera infancia de conformidad con los Manuales Técnicos, Guías Operativas para la Atención a la Primera Infancia y los lineamientos establecidos por el ICBF, en armonía con la Política de Estado para el Desarrollo Integral de la Primera Infancia de “Cero a Siempre. | K45: C-4602-1500-9-704020-4602020-02 | L45: 10 | M45: 901345939 | N45: FUNDACION ALMA DE VIDA | O45: 45930 | P45: 1 | Q45: 11 | R45: 33284603 | S45: =IF(B45=B44,0,SUMIFS($R$4:$R$95,$B$4:$B$95,B45)) -> 0 | T45: =ROUND((S45*2%),0) -> 0 | U45: =S45+T45 -> 0 | V45: =VLOOKUP(H45,'PARAMETRIZACION '!$A$4:$F$18,4,FALSE)*Q45+(VLOOKUP(H45,'PARAMETRIZACION '!$A$4:$F$18,6,FALSE)*Q45) -> 4974706 | W45: =VLOOKUP(H45,'PARAMETRIZACION '!$A$4:$F$18,6,FALSE)*Q45 -> 4044271 | X45: =VLOOKUP(H45,'PARAMETRIZACION '!$A$4:$F$18,6,FALSE)*Q45 -> 4044271 | Y45: =VLOOKUP(H45,'PARAMETRIZACION '!$A$4:$F$18,6,FALSE)*Q45 -> 4044271 | Z45: =VLOOKUP(H45,'PARAMETRIZACION '!$A$4:$F$18,6,FALSE)*Q45 -> 4044271 | AA45: =VLOOKUP(H45,'PARAMETRIZACION '!$A$4:$F$18,6,FALSE)*Q45 -> 4044271 | AB45: =VLOOKUP(H45,'PARAMETRIZACION '!$A$4:$F$18,6,FALSE)*Q45 -> 4044271 | AC45: =VLOOKUP(H45,'PARAMETRIZACION '!$A$4:$F$18,6,FALSE)*Q45 -> 4044271 | AD45: =SUM(V45:AC45) -> 33284603 | AE45: =R45-AD45 -> 0
A46: CZ PASTO 1 | B46: 1306 | G46: Tangua | H46: CENTRO DE DESARROLLO INFANTIL A - INSTITUCIONAL | I46: Centro de Desarrollo Infantil - A – Institucional | J46: Prestar los servicios de educación inicial en el marco de la atención Integral a la primera infancia de conformidad con los Manuales Técnicos, Guías Operativas para la Atención a la Primera Infancia y los lineamientos establecidos por el ICBF, en armonía con la Política de Estado para el Desarrollo Integral de la Primera Infancia de “Cero a Siempre. | K46: C-4602-1500-9-704020-4602020-02 | L46: 10 | M46: 901345939 | N46: FUNDACION ALMA DE VIDA | O46: 45930 | P46: 1 | Q46: 35 | R46: 146609750 | S46: =IF(B46=B45,0,SUMIFS($R$4:$R$95,$B$4:$B$95,B46)) -> 0 | T46: =ROUND((S46*2%),0) -> 0 | U46: =S46+T46 -> 0 | V46: =VLOOKUP(H46,'PARAMETRIZACION '!$A$4:$F$15,4,FALSE)*Q46+(VLOOKUP(H46,'PARAMETRIZACION '!$A$4:$F$15,6,FALSE)*Q46) -> 23323790 | W46: =VLOOKUP(H46,'PARAMETRIZACION '!$A$4:$F$15,6,FALSE)*Q46 -> 17612280 | X46: =VLOOKUP(H46,'PARAMETRIZACION '!$A$4:$F$15,6,FALSE)*Q46 -> 17612280 | Y46: =VLOOKUP(H46,'PARAMETRIZACION '!$A$4:$F$15,6,FALSE)*Q46 -> 17612280 | Z46: =VLOOKUP(H46,'PARAMETRIZACION '!$A$4:$F$15,6,FALSE)*Q46 -> 17612280 | AA46: =VLOOKUP(H46,'PARAMETRIZACION '!$A$4:$F$15,6,FALSE)*Q46 -> 17612280 | AB46: =VLOOKUP(H46,'PARAMETRIZACION '!$A$4:$F$15,6,FALSE)*Q46 -> 17612280 | AC46: =VLOOKUP(H46,'PARAMETRIZACION '!$A$4:$F$15,6,FALSE)*Q46 -> 17612280 | AD46: =SUM(V46:AC46) -> 146609750 | AE46: =R46-AD46 -> 0
A47: CZ PASTO 1 | B47: 1306 | G47: Tangua | H47: EDUCACIÓN INICIAL EN EL HOGAR A SIN RACION - FAMILIAR Y COMUNITARIA | I47: Educación Inicial en el Hogar - A - Familiar y Comunitaria | J47: Prestar los servicios de educación inicial en el marco de la atención Integral a la primera infancia de conformidad con los Manuales Técnicos, Guías Operativas para la Atención a la Primera Infancia y los lineamientos establecidos por el ICBF, en armonía con la Política de Estado para el Desarrollo Integral de la Primera Infancia de “Cero a Siempre. | K47: C-4602-1500-9-704020-4602020-02 | L47: 10 | M47: 901345939 | N47: FUNDACION ALMA DE VIDA | O47: 45930 | P47: 2 | Q47: 45 | R47: 68368725 | S47: =IF(B47=B46,0,SUMIFS($R$4:$R$95,$B$4:$B$95,B47)) -> 0 | T47: =ROUND((S47*2%),0) -> 0 | U47: =S47+T47 -> 0 | V47: =VLOOKUP(H47,'PARAMETRIZACION '!$A$4:$F$15,4,FALSE)*Q47+(VLOOKUP(H47,'PARAMETRIZACION '!$A$4:$F$15,6,FALSE)*Q47) -> 11876625 | W47: =VLOOKUP(H47,'PARAMETRIZACION '!$A$4:$F$15,6,FALSE)*Q47 -> 8070300 | X47: =VLOOKUP(H47,'PARAMETRIZACION '!$A$4:$F$15,6,FALSE)*Q47 -> 8070300 | Y47: =VLOOKUP(H47,'PARAMETRIZACION '!$A$4:$F$15,6,FALSE)*Q47 -> 8070300 | Z47: =VLOOKUP(H47,'PARAMETRIZACION '!$A$4:$F$15,6,FALSE)*Q47 -> 8070300 | AA47: =VLOOKUP(H47,'PARAMETRIZACION '!$A$4:$F$15,6,FALSE)*Q47 -> 8070300 | AB47: =VLOOKUP(H47,'PARAMETRIZACION '!$A$4:$F$15,6,FALSE)*Q47 -> 8070300 | AC47: =VLOOKUP(H47,'PARAMETRIZACION '!$A$4:$F$15,6,FALSE)*Q47 -> 8070300 | AD47: =SUM(V47:AC47) -> 68368725 | AE47: =R47-AD47 -> 0
A48: CZ PASTO 1 | B48: 1307 | G48: Alban | H48: CENTRO DE DESARROLLO INFANTIL A SIN RACION - INSTITUCIONAL | I48: Centro de Desarrollo Infantil - A – Institucional | J48: Prestar los servicios de educación inicial en el marco de la atención Integral a la primera infancia de conformidad con los Manuales Técnicos, Guías Operativas para la Atención a la Primera Infancia y los lineamientos establecidos por el ICBF, en armonía con la Política de Estado para el Desarrollo Integral de la Primera Infancia de “Cero a Siempre. | K48: C-4602-1500-9-704020-4602020-02 | L48: 10 | M48: 900782430 | N48: FUNDACION NUEVA ALIANZA FUTURO | O48: 45930 | P48: 1 | Q48: 76 | R48: 224709656 | S48: =IF(B48=B47,0,SUMIFS($R$4:$R$95,$B$4:$B$95,B48)) -> 476914286 | T48: =ROUND((S48*2%),0) -> 9538286 | U48: =S48+T48 -> 486452572 | V48: =VLOOKUP(H48,'PARAMETRIZACION '!$A$4:$F$15,4,FALSE)*Q48+(VLOOKUP(H48,'PARAMETRIZACION '!$A$4:$F$15,6,FALSE)*Q48) -> 38940576 | W48: =VLOOKUP(H48,'PARAMETRIZACION '!$A$4:$F$15,6,FALSE)*Q48 -> 26538440 | X48: =VLOOKUP(H48,'PARAMETRIZACION '!$A$4:$F$15,6,FALSE)*Q48 -> 26538440 | Y48: =VLOOKUP(H48,'PARAMETRIZACION '!$A$4:$F$15,6,FALSE)*Q48 -> 26538440 | Z48: =VLOOKUP(H48,'PARAMETRIZACION '!$A$4:$F$15,6,FALSE)*Q48 -> 26538440 | AA48: =VLOOKUP(H48,'PARAMETRIZACION '!$A$4:$F$15,6,FALSE)*Q48 -> 26538440 | AB48: =VLOOKUP(H48,'PARAMETRIZACION '!$A$4:$F$15,6,FALSE)*Q48 -> 26538440 | AC48: =VLOOKUP(H48,'PARAMETRIZACION '!$A$4:$F$15,6,FALSE)*Q48 -> 26538440 | AD48: =SUM(V48:AC48) -> 224709656 | AE48: =R48-AD48 -> 0
A49: CZ PASTO 1 | B49: 1307 | G49: Alban | H49: EDUCACIÓN INICIAL EN EL HOGAR A SIN RACION - FAMILIAR Y COMUNITARIA | I49: Educación Inicial en el Hogar - A - Familiar y Comunitaria | J49: Prestar los servicios de educación inicial en el marco de la atención Integral a la primera infancia de conformidad con los Manuales Técnicos, Guías Operativas para la Atención a la Primera Infancia y los lineamientos establecidos por el ICBF, en armonía con la Política de Estado para el Desarrollo Integral de la Primera Infancia de “Cero a Siempre. | K49: C-4602-1500-9-704020-4602020-02 | L49: 10 | M49: 900782430 | N49: FUNDACION NUEVA ALIANZA FUTURO | O49: 45930 | P49: 11 | Q49: 166 | R49: 252204630 | S49: =IF(B49=B48,0,SUMIFS($R$4:$R$95,$B$4:$B$95,B49)) -> 0 | T49: =ROUND((S49*2%),0) -> 0 | U49: =S49+T49 -> 0 | V49: =VLOOKUP(H49,'PARAMETRIZACION '!$A$4:$F$15,4,FALSE)*Q49+(VLOOKUP(H49,'PARAMETRIZACION '!$A$4:$F$15,6,FALSE)*Q49) -> 43811550 | W49: =VLOOKUP(H49,'PARAMETRIZACION '!$A$4:$F$15,6,FALSE)*Q49 -> 29770440 | X49: =VLOOKUP(H49,'PARAMETRIZACION '!$A$4:$F$15,6,FALSE)*Q49 -> 29770440 | Y49: =VLOOKUP(H49,'PARAMETRIZACION '!$A$4:$F$15,6,FALSE)*Q49 -> 29770440 | Z49: =VLOOKUP(H49,'PARAMETRIZACION '!$A$4:$F$15,6,FALSE)*Q49 -> 29770440 | AA49: =VLOOKUP(H49,'PARAMETRIZACION '!$A$4:$F$15,6,FALSE)*Q49 -> 29770440 | AB49: =VLOOKUP(H49,'PARAMETRIZACION '!$A$4:$F$15,6,FALSE)*Q49 -> 29770440 | AC49: =VLOOKUP(H49,'PARAMETRIZACION '!$A$4:$F$15,6,FALSE)*Q49 -> 29770440 | AD49: =SUM(V49:AC49) -> 252204630 | AE49: =R49-AD49 -> 0
A50: CZ PASTO 1 | B50: 1312 | G50: Buesaco | H50: CENTRO DE DESARROLLO INFANTIL A SIN RACION - INSTITUCIONAL | I50: Centro de Desarrollo Infantil - A – Institucional | J50: Prestar los servicios de educación inicial en el marco de la atención Integral a la primera infancia de conformidad con los Manuales Técnicos, Guías Operativas para la Atención a la Primera Infancia y los lineamientos establecidos por el ICBF, en armonía con la Política de Estado para el Desarrollo Integral de la Primera Infancia de “Cero a Siempre. | K50: C-4602-1500-9-704020-4602020-02 | L50: 10 | M50: 900782430 | N50: FUNDACION NUEVA ALIANZA FUTURO | O50: 45930 | P50: 1 | Q50: 100 | R50: 295670600 | S50: =IF(B50=B49,0,SUMIFS($R$4:$R$95,$B$4:$B$95,B50)) -> 477987200 | T50: =ROUND((S50*2%),0) -> 9559744 | U50: =S50+T50 -> 487546944 | V50: =VLOOKUP(H50,'PARAMETRIZACION '!$A$4:$F$15,4,FALSE)*Q50+(VLOOKUP(H50,'PARAMETRIZACION '!$A$4:$F$15,6,FALSE)*Q50) -> 51237600 | W50: =VLOOKUP(H50,'PARAMETRIZACION '!$A$4:$F$15,6,FALSE)*Q50 -> 34919000 | X50: =VLOOKUP(H50,'PARAMETRIZACION '!$A$4:$F$15,6,FALSE)*Q50 -> 34919000 | Y50: =VLOOKUP(H50,'PARAMETRIZACION '!$A$4:$F$15,6,FALSE)*Q50 -> 34919000 | Z50: =VLOOKUP(H50,'PARAMETRIZACION '!$A$4:$F$15,6,FALSE)*Q50 -> 34919000 | AA50: =VLOOKUP(H50,'PARAMETRIZACION '!$A$4:$F$15,6,FALSE)*Q50 -> 34919000 | AB50: =VLOOKUP(H50,'PARAMETRIZACION '!$A$4:$F$15,6,FALSE)*Q50 -> 34919000 | AC50: =VLOOKUP(H50,'PARAMETRIZACION '!$A$4:$F$15,6,FALSE)*Q50 -> 34919000 | AD50: =SUM(V50:AC50) -> 295670600 | AE50: =R50-AD50 -> 0
A51: CZ PASTO 1 | B51: 1312 | G51: Buesaco | H51: EDUCACIÓN INICIAL EN EL HOGAR A SIN RACION - FAMILIAR Y COMUNITARIA | I51: Educación Inicial en el Hogar - A - Familiar y Comunitaria | J51: Prestar los servicios de educación inicial en el marco de la atención Integral a la primera infancia de conformidad con los Manuales Técnicos, Guías Operativas para la Atención a la Primera Infancia y los lineamientos establecidos por el ICBF, en armonía con la Política de Estado para el Desarrollo Integral de la Primera Infancia de “Cero a Siempre. | K51: C-4602-1500-9-704020-4602020-02 | L51: 10 | M51: 900782430 | N51: FUNDACION NUEVA ALIANZA FUTURO | O51: 45930 | P51: 8 | Q51: 120 | R51: 182316600 | S51: =IF(B51=B50,0,SUMIFS($R$4:$R$95,$B$4:$B$95,B51)) -> 0 | T51: =ROUND((S51*2%),0) -> 0 | U51: =S51+T51 -> 0 | V51: =VLOOKUP(H51,'PARAMETRIZACION '!$A$4:$F$15,4,FALSE)*Q51+(VLOOKUP(H51,'PARAMETRIZACION '!$A$4:$F$15,6,FALSE)*Q51) -> 31671000 | W51: =VLOOKUP(H51,'PARAMETRIZACION '!$A$4:$F$15,6,FALSE)*Q51 -> 21520800 | X51: =VLOOKUP(H51,'PARAMETRIZACION '!$A$4:$F$15,6,FALSE)*Q51 -> 21520800 | Y51: =VLOOKUP(H51,'PARAMETRIZACION '!$A$4:$F$15,6,FALSE)*Q51 -> 21520800 | Z51: =VLOOKUP(H51,'PARAMETRIZACION '!$A$4:$F$15,6,FALSE)*Q51 -> 21520800 | AA51: =VLOOKUP(H51,'PARAMETRIZACION '!$A$4:$F$15,6,FALSE)*Q51 -> 21520800 | AB51: =VLOOKUP(H51,'PARAMETRIZACION '!$A$4:$F$15,6,FALSE)*Q51 -> 21520800 | AC51: =VLOOKUP(H51,'PARAMETRIZACION '!$A$4:$F$15,6,FALSE)*Q51 -> 21520800 | AD51: =SUM(V51:AC51) -> 182316600 | AE51: =R51-AD51 -> 0
A52: CZ PASTO 1 | B52: 1313 | G52: Chachagüi | H52: CENTRO DE DESARROLLO INFANTIL A SIN RACION - INSTITUCIONAL | I52: Centro de Desarrollo Infantil - A – Institucional | J52: Prestar los servicios de educación inicial en el marco de la atención Integral a la primera infancia de conformidad con los Manuales Técnicos, Guías Operativas para la Atención a la Primera Infancia y los lineamientos establecidos por el ICBF, en armonía con la Política de Estado para el Desarrollo Integral de la Primera Infancia de “Cero a Siempre. | K52: C-4602-1500-9-704020-4602020-02 | L52: 10 | M52: 901345939 | N52: FUNDACION ALMA DE VIDA | O52: 45930 | P52: 1 | Q52: 125 | R52: 369588250 | S52: =IF(B52=B51,0,SUMIFS($R$4:$R$95,$B$4:$B$95,B52)) -> 639459374 | T52: =ROUND((S52*2%),0) -> 12789187 | U52: =S52+T52 -> 652248561 | V52: =VLOOKUP(H52,'PARAMETRIZACION '!$A$4:$F$15,4,FALSE)*Q52+(VLOOKUP(H52,'PARAMETRIZACION '!$A$4:$F$15,6,FALSE)*Q52) -> 64047000 | W52: =VLOOKUP(H52,'PARAMETRIZACION '!$A$4:$F$15,6,FALSE)*Q52 -> 43648750 | X52: =VLOOKUP(H52,'PARAMETRIZACION '!$A$4:$F$15,6,FALSE)*Q52 -> 43648750 | Y52: =VLOOKUP(H52,'PARAMETRIZACION '!$A$4:$F$15,6,FALSE)*Q52 -> 43648750 | Z52: =VLOOKUP(H52,'PARAMETRIZACION '!$A$4:$F$15,6,FALSE)*Q52 -> 43648750 | AA52: =VLOOKUP(H52,'PARAMETRIZACION '!$A$4:$F$15,6,FALSE)*Q52 -> 43648750 | AB52: =VLOOKUP(H52,'PARAMETRIZACION '!$A$4:$F$15,6,FALSE)*Q52 -> 43648750 | AC52: =VLOOKUP(H52,'PARAMETRIZACION '!$A$4:$F$15,6,FALSE)*Q52 -> 43648750 | AD52: =SUM(V52:AC52) -> 369588250 | AE52: =R52-AD52 -> 0
A53: CZ PASTO 1 | B53: 1313 | G53: Chachagüi | H53: EDUCACIÓN INICIAL EN EL HOGAR A SIN RACION - FAMILIAR Y COMUNITARIA | I53: Educación Inicial en el Hogar - A - Familiar y Comunitaria | J53: Prestar los servicios de educación inicial en el marco de la atención Integral a la primera infancia de conformidad con los Manuales Técnicos, Guías Operativas para la Atención a la Primera Infancia y los lineamientos establecidos por el ICBF, en armonía con la Política de Estado para el Desarrollo Integral de la Primera Infancia de “Cero a Siempre. | K53: C-4602-1500-9-704020-4602020-02 | L53: 10 | M53: 901345939 | N53: FUNDACION ALMA DE VIDA | O53: 45930 | P53: 6 | Q53: 92 | R53: 139776060 | S53: =IF(B53=B52,0,SUMIFS($R$4:$R$95,$B$4:$B$95,B53)) -> 0 | T53: =ROUND((S53*2%),0) -> 0 | U53: =S53+T53 -> 0 | V53: =VLOOKUP(H53,'PARAMETRIZACION '!$A$4:$F$15,4,FALSE)*Q53+(VLOOKUP(H53,'PARAMETRIZACION '!$A$4:$F$15,6,FALSE)*Q53) -> 24281100 | W53: =VLOOKUP(H53,'PARAMETRIZACION '!$A$4:$F$15,6,FALSE)*Q53 -> 16499280 | X53: =VLOOKUP(H53,'PARAMETRIZACION '!$A$4:$F$15,6,FALSE)*Q53 -> 16499280 | Y53: =VLOOKUP(H53,'PARAMETRIZACION '!$A$4:$F$15,6,FALSE)*Q53 -> 16499280 | Z53: =VLOOKUP(H53,'PARAMETRIZACION '!$A$4:$F$15,6,FALSE)*Q53 -> 16499280 | AA53: =VLOOKUP(H53,'PARAMETRIZACION '!$A$4:$F$15,6,FALSE)*Q53 -> 16499280 | AB53: =VLOOKUP(H53,'PARAMETRIZACION '!$A$4:$F$15,6,FALSE)*Q53 -> 16499280 | AC53: =VLOOKUP(H53,'PARAMETRIZACION '!$A$4:$F$15,6,FALSE)*Q53 -> 16499280 | AD53: =SUM(V53:AC53) -> 139776060 | AE53: =R53-AD53 -> 0
A54: CZ PASTO 1 | B54: 1313 | G54: El Tablon De Gomez | H54: CENTRO DE DESARROLLO INFANTIL A SIN RACION - INSTITUCIONAL | I54: Centro de Desarrollo Infantil - A – Institucional | J54: Prestar los servicios de educación inicial en el marco de la atención Integral a la primera infancia de conformidad con los Manuales Técnicos, Guías Operativas para la Atención a la Primera Infancia y los lineamientos establecidos por el ICBF, en armonía con la Política de Estado para el Desarrollo Integral de la Primera Infancia de “Cero a Siempre. | K54: C-4602-1500-9-704020-4602020-02 | L54: 10 | M54: 901345939 | N54: FUNDACION ALMA DE VIDA | O54: 45930 | P54: 1 | Q54: 44 | R54: 130095064 | S54: =IF(B54=B53,0,SUMIFS($R$4:$R$95,$B$4:$B$95,B54)) -> 0 | T54: =ROUND((S54*2%),0) -> 0 | U54: =S54+T54 -> 0 | V54: =VLOOKUP(H54,'PARAMETRIZACION '!$A$4:$F$15,4,FALSE)*Q54+(VLOOKUP(H54,'PARAMETRIZACION '!$A$4:$F$15,6,FALSE)*Q54) -> 22544544 | W54: =VLOOKUP(H54,'PARAMETRIZACION '!$A$4:$F$15,6,FALSE)*Q54 -> 15364360 | X54: =VLOOKUP(H54,'PARAMETRIZACION '!$A$4:$F$15,6,FALSE)*Q54 -> 15364360 | Y54: =VLOOKUP(H54,'PARAMETRIZACION '!$A$4:$F$15,6,FALSE)*Q54 -> 15364360 | Z54: =VLOOKUP(H54,'PARAMETRIZACION '!$A$4:$F$15,6,FALSE)*Q54 -> 15364360 | AA54: =VLOOKUP(H54,'PARAMETRIZACION '!$A$4:$F$15,6,FALSE)*Q54 -> 15364360 | AB54: =VLOOKUP(H54,'PARAMETRIZACION '!$A$4:$F$15,6,FALSE)*Q54 -> 15364360 | AC54: =VLOOKUP(H54,'PARAMETRIZACION '!$A$4:$F$15,6,FALSE)*Q54 -> 15364360 | AD54: =SUM(V54:AC54) -> 130095064 | AE54: =R54-AD54 -> 0
A55: CZ PASTO 1 | B55: 1337 | G55: Pasto | H55: CENTRO DE DESARROLLO INFANTIL CON ARRIENDO - INSTITUCIONAL | I55: Centro de Desarrollo Infantil - A – Institucional | J55: Prestar los servicios de educación inicial en el marco de la atención Integral a la primera infancia de conformidad con los Manuales Técnicos, Guías Operativas para la Atención a la Primera Infancia y los lineamientos establecidos por el ICBF, en armonía con la Política de Estado para el Desarrollo Integral de la Primera Infancia de “Cero a Siempre. | K55: C-4602-1500-9-704020-4602020-02 | L55: 10 | M55: 891200304 | N55: HOGAR INFANTIL NIÑA MARIA | O55: 45930 | P55: 3 | Q55: 608 | R55: 2632276416 | S55: =IF(B55=B54,0,SUMIFS($R$4:$R$95,$B$4:$B$95,B55)) -> 2632276416 | T55: =ROUND((S55*2%),0) -> 52645528 | U55: =S55+T55 -> 2684921944 | V55: =VLOOKUP(H55,'PARAMETRIZACION '!$A$4:$F$15,4,FALSE)*Q55+(VLOOKUP(H55,'PARAMETRIZACION '!$A$4:$F$15,6,FALSE)*Q55) -> 415849504 | W55: =VLOOKUP(H55,'PARAMETRIZACION '!$A$4:$F$15,6,FALSE)*Q55 -> 316632416 | X55: =VLOOKUP(H55,'PARAMETRIZACION '!$A$4:$F$15,6,FALSE)*Q55 -> 316632416 | Y55: =VLOOKUP(H55,'PARAMETRIZACION '!$A$4:$F$15,6,FALSE)*Q55 -> 316632416 | Z55: =VLOOKUP(H55,'PARAMETRIZACION '!$A$4:$F$15,6,FALSE)*Q55 -> 316632416 | AA55: =VLOOKUP(H55,'PARAMETRIZACION '!$A$4:$F$15,6,FALSE)*Q55 -> 316632416 | AB55: =VLOOKUP(H55,'PARAMETRIZACION '!$A$4:$F$15,6,FALSE)*Q55 -> 316632416 | AC55: =VLOOKUP(H55,'PARAMETRIZACION '!$A$4:$F$15,6,FALSE)*Q55 -> 316632416 | AD55: =SUM(V55:AC55) -> 2632276416 | AE55: =R55-AD55 -> 0
A56: CZ PASTO 1 | B56: 1339 | G56: Pasto | H56: CENTRO DE DESARROLLO INFANTIL A - INSTITUCIONAL | I56: Centro de Desarrollo Infantil - A – Institucional | J56: Prestar los servicios de educación inicial en el marco de la atención Integral a la primera infancia de conformidad con los Manuales Técnicos, Guías Operativas para la Atención a la Primera Infancia y los lineamientos establecidos por el ICBF, en armonía con la Política de Estado para el Desarrollo Integral de la Primera Infancia de “Cero a Siempre. | K56: C-4602-1500-9-704020-4602020-02 | L56: 10 | M56: 901086483 | N56: FUNDACION LIDERA Y EMPRENDE COLOMBIA | O56: 45930 | P56: 1 | Q56: 85 | R56: 356052250 | S56: =IF(B56=B55,0,SUMIFS($R$4:$R$95,$B$4:$B$95,B56)) -> 2572706074 | T56: =ROUND((S56*2%),0) -> 51454121 | U56: =S56+T56 -> 2624160195 | V56: =VLOOKUP(H56,'PARAMETRIZACION '!$A$4:$F$15,4,FALSE)*Q56+(VLOOKUP(H56,'PARAMETRIZACION '!$A$4:$F$15,6,FALSE)*Q56) -> 56643490 | W56: =VLOOKUP(H56,'PARAMETRIZACION '!$A$4:$F$15,6,FALSE)*Q56 -> 42772680 | X56: =VLOOKUP(H56,'PARAMETRIZACION '!$A$4:$F$15,6,FALSE)*Q56 -> 42772680 | Y56: =VLOOKUP(H56,'PARAMETRIZACION '!$A$4:$F$15,6,FALSE)*Q56 -> 42772680 | Z56: =VLOOKUP(H56,'PARAMETRIZACION '!$A$4:$F$15,6,FALSE)*Q56 -> 42772680 | AA56: =VLOOKUP(H56,'PARAMETRIZACION '!$A$4:$F$15,6,FALSE)*Q56 -> 42772680 | AB56: =VLOOKUP(H56,'PARAMETRIZACION '!$A$4:$F$15,6,FALSE)*Q56 -> 42772680 | AC56: =VLOOKUP(H56,'PARAMETRIZACION '!$A$4:$F$15,6,FALSE)*Q56 -> 42772680 | AD56: =SUM(V56:AC56) -> 356052250 | AE56: =R56-AD56 -> 0
A57: CZ PASTO 1 | B57: 1339 | G57: Pasto | H57: CENTRO DE DESARROLLO INFANTIL CON ARRIENDO - INSTITUCIONAL | I57: Centro de Desarrollo Infantil - A – Institucional | J57: Prestar los servicios de educación inicial en el marco de la atención Integral a la primera infancia de conformidad con los Manuales Técnicos, Guías Operativas para la Atención a la Primera Infancia y los lineamientos establecidos por el ICBF, en armonía con la Política de Estado para el Desarrollo Integral de la Primera Infancia de “Cero a Siempre. | K57: C-4602-1500-9-704020-4602020-02 | L57: 10 | M57: 901086483 | N57: FUNDACION LIDERA Y EMPRENDE COLOMBIA | O57: 45930 | P57: 6 | Q57: 512 | R57: 2216653824 | S57: =IF(B57=B56,0,SUMIFS($R$4:$R$95,$B$4:$B$95,B57)) -> 0 | T57: =ROUND((S57*2%),0) -> 0 | U57: =S57+T57 -> 0 | V57: =VLOOKUP(H57,'PARAMETRIZACION '!$A$4:$F$15,4,FALSE)*Q57+(VLOOKUP(H57,'PARAMETRIZACION '!$A$4:$F$15,6,FALSE)*Q57) -> 350189056 | W57: =VLOOKUP(H57,'PARAMETRIZACION '!$A$4:$F$15,6,FALSE)*Q57 -> 266637824 | X57: =VLOOKUP(H57,'PARAMETRIZACION '!$A$4:$F$15,6,FALSE)*Q57 -> 266637824 | Y57: =VLOOKUP(H57,'PARAMETRIZACION '!$A$4:$F$15,6,FALSE)*Q57 -> 266637824 | Z57: =VLOOKUP(H57,'PARAMETRIZACION '!$A$4:$F$15,6,FALSE)*Q57 -> 266637824 | AA57: =VLOOKUP(H57,'PARAMETRIZACION '!$A$4:$F$15,6,FALSE)*Q57 -> 266637824 | AB57: =VLOOKUP(H57,'PARAMETRIZACION '!$A$4:$F$15,6,FALSE)*Q57 -> 266637824 | AC57: =VLOOKUP(H57,'PARAMETRIZACION '!$A$4:$F$15,6,FALSE)*Q57 -> 266637824 | AD57: =SUM(V57:AC57) -> 2216653824 | AE57: =R57-AD57 -> 0
... A63: CZ PASTO 2 | B63: 1320 | G63: Sandona | H63: EDUCACIÓN INICIAL EN EL HOGAR A SIN RACION - FAMILIAR Y COMUNITARIA | I63: Educación Inicial en el Hogar - A - Familiar y Comunitaria | J63: Prestar los servicios de educación inicial en el marco de la atención Integral a la primera infancia de conformidad con los Manuales Técnicos, Guías Operativas para la Atención a la Primera Infancia y los lineamientos establecidos por el ICBF, en armonía con la Política de Estado para el Desarrollo Integral de la Primera Infancia de “Cero a Siempre. | K63: C-4602-1500-9-704020-4602020-02 | L63: 10 | M63: 814000792 | N63: FUNDACION PARA LA EDUCACION LA AUTOGESTION Y EL PROGRESO | O63: 45930 | P63: 6 | Q63: 100 | R63: 151930500 | S63: =IF(B63=B62,0,SUMIFS($R$4:$R$95,$B$4:$B$95,B63)) -> 0 | T63: =ROUND((S63*2%),0) -> 0 | U63: =S63+T63 -> 0 | V63: =VLOOKUP(H63,'PARAMETRIZACION '!$A$4:$F$15,4,FALSE)*Q63+(VLOOKUP(H63,'PARAMETRIZACION '!$A$4:$F$15,6,FALSE)*Q63) -> 26392500 | W63: =VLOOKUP(H63,'PARAMETRIZACION '!$A$4:$F$15,6,FALSE)*Q63 -> 17934000 | X63: =VLOOKUP(H63,'PARAMETRIZACION '!$A$4:$F$15,6,FALSE)*Q63 -> 17934000 | Y63: =VLOOKUP(H63,'PARAMETRIZACION '!$A$4:$F$15,6,FALSE)*Q63 -> 17934000 | Z63: =VLOOKUP(H63,'PARAMETRIZACION '!$A$4:$F$15,6,FALSE)*Q63 -> 17934000 | AA63: =VLOOKUP(H63,'PARAMETRIZACION '!$A$4:$F$15,6,FALSE)*Q63 -> 17934000 | AB63: =VLOOKUP(H63,'PARAMETRIZACION '!$A$4:$F$15,6,FALSE)*Q63 -> 17934000 | AC63: =VLOOKUP(H63,'PARAMETRIZACION '!$A$4:$F$15,6,FALSE)*Q63 -> 17934000 | AD63: =SUM(V63:AC63) -> 151930500 | AE63: =R63-AD63 -> 0
A64: CZ PASTO 2 | B64: 1332 | G64: Los Andes | H64: CENTRO DE DESARROLLO INFANTIL A - INSTITUCIONAL | I64: Centro de Desarrollo Infantil - A – Institucional | J64: Prestar los servicios de educación inicial en el marco de la atención Integral a la primera infancia de conformidad con los Manuales Técnicos, Guías Operativas para la Atención a la Primera Infancia y los lineamientos establecidos por el ICBF, en armonía con la Política de Estado para el Desarrollo Integral de la Primera Infancia de “Cero a Siempre. | K64: C-4602-1500-9-704020-4602020-02 | L64: 10 | M64: 900631966-1 | N64: FUNDACION FUNPERS | O64: 45930 | P64: 2 | Q64: 152 | R64: 636705200 | S64: =IF(B64=B63,0,SUMIFS($R$4:$R$95,$B$4:$B$95,B64)) -> 969481748 | T64: =ROUND((S64*2%),0) -> 19389635 | U64: =S64+T64 -> 988871383 | V64: =VLOOKUP(H64,'PARAMETRIZACION '!$A$4:$F$15,4,FALSE)*Q64+(VLOOKUP(H64,'PARAMETRIZACION '!$A$4:$F$15,6,FALSE)*Q64) -> 101291888 | W64: =VLOOKUP(H64,'PARAMETRIZACION '!$A$4:$F$15,6,FALSE)*Q64 -> 76487616 | X64: =VLOOKUP(H64,'PARAMETRIZACION '!$A$4:$F$15,6,FALSE)*Q64 -> 76487616 | Y64: =VLOOKUP(H64,'PARAMETRIZACION '!$A$4:$F$15,6,FALSE)*Q64 -> 76487616 | Z64: =VLOOKUP(H64,'PARAMETRIZACION '!$A$4:$F$15,6,FALSE)*Q64 -> 76487616 | AA64: =VLOOKUP(H64,'PARAMETRIZACION '!$A$4:$F$15,6,FALSE)*Q64 -> 76487616 | AB64: =VLOOKUP(H64,'PARAMETRIZACION '!$A$4:$F$15,6,FALSE)*Q64 -> 76487616 | AC64: =VLOOKUP(H64,'PARAMETRIZACION '!$A$4:$F$15,6,FALSE)*Q64 -> 76487616 | AD64: =SUM(V64:AC64) -> 636705200 | AE64: =R64-AD64 -> 0
A65: CZ PASTO 2 | B65: 1332 | G65: Los Andes | H65: EDUCACIÓN INICIAL CAMPESINA A SIN RACION - PROPIA E INTERCULTURAL | I65: Educación Inicial Campesina - A - Propia e Intercultural | J65: Prestar los servicios de educación inicial en el marco de la atención Integral a la primera infancia de conformidad con los Manuales Técnicos, Guías Operativas para la Atención a la Primera Infancia y los lineamientos establecidos por el ICBF, en armonía con la Política de Estado para el Desarrollo Integral de la Primera Infancia de “Cero a Siempre. | K65: C-4602-1500-9-704020-4602020-02 | L65: 10 | M65: 900631966-1 | N65: FUNDACION FUNPERS | O65: 45930 | P65: 5 | Q65: 69 | R65: 150433317 | S65: =IF(B65=B64,0,SUMIFS($R$4:$R$95,$B$4:$B$95,B65)) -> 0 | T65: =ROUND((S65*2%),0) -> 0 | U65: =S65+T65 -> 0 | V65: =VLOOKUP(H65,'PARAMETRIZACION '!$A$4:$F$15,4,FALSE)*Q65+(VLOOKUP(H65,'PARAMETRIZACION '!$A$4:$F$15,6,FALSE)*Q65) -> 26019279 | W65: =VLOOKUP(H65,'PARAMETRIZACION '!$A$4:$F$15,6,FALSE)*Q65 -> 17773434 | X65: =VLOOKUP(H65,'PARAMETRIZACION '!$A$4:$F$15,6,FALSE)*Q65 -> 17773434 | Y65: =VLOOKUP(H65,'PARAMETRIZACION '!$A$4:$F$15,6,FALSE)*Q65 -> 17773434 | Z65: =VLOOKUP(H65,'PARAMETRIZACION '!$A$4:$F$15,6,FALSE)*Q65 -> 17773434 | AA65: =VLOOKUP(H65,'PARAMETRIZACION '!$A$4:$F$15,6,FALSE)*Q65 -> 17773434 | AB65: =VLOOKUP(H65,'PARAMETRIZACION '!$A$4:$F$15,6,FALSE)*Q65 -> 17773434 | AC65: =VLOOKUP(H65,'PARAMETRIZACION '!$A$4:$F$15,6,FALSE)*Q65 -> 17773434 | AD65: =SUM(V65:AC65) -> 150433317 | AE65: =R65-AD65 -> 0
A66: CZ PASTO 2 | B66: 1332 | G66: Los Andes | H66: EDUCACIÓN INICIAL CAMPESINA B SIN RACION - PROPIA E INTERCULTURAL | I66: Educación Inicial Campesina - B - Propia e Intercultural | J66: Prestar los servicios de educación inicial en el marco de la atención Integral a la primera infancia de conformidad con los Manuales Técnicos, Guías Operativas para la Atención a la Primera Infancia y los lineamientos establecidos por el ICBF, en armonía con la Política de Estado para el Desarrollo Integral de la Primera Infancia de “Cero a Siempre. | K66: C-4602-1500-9-704020-4602020-02 | L66: 10 | M66: 900631966-1 | N66: FUNDACION FUNPERS | O66: 45930 | P66: 5 | Q66: 81 | R66: 182343231 | S66: =IF(B66=B65,0,SUMIFS($R$4:$R$95,$B$4:$B$95,B66)) -> 0 | T66: =ROUND((S66*2%),0) -> 0 | U66: =S66+T66 -> 0 | V66: =VLOOKUP(H66,'PARAMETRIZACION '!$A$4:$F$15,4,FALSE)*Q66+(VLOOKUP(H66,'PARAMETRIZACION '!$A$4:$F$15,6,FALSE)*Q66) -> 31558653 | W66: =VLOOKUP(H66,'PARAMETRIZACION '!$A$4:$F$15,6,FALSE)*Q66 -> 21540654 | X66: =VLOOKUP(H66,'PARAMETRIZACION '!$A$4:$F$15,6,FALSE)*Q66 -> 21540654 | Y66: =VLOOKUP(H66,'PARAMETRIZACION '!$A$4:$F$15,6,FALSE)*Q66 -> 21540654 | Z66: =VLOOKUP(H66,'PARAMETRIZACION '!$A$4:$F$15,6,FALSE)*Q66 -> 21540654 | AA66: =VLOOKUP(H66,'PARAMETRIZACION '!$A$4:$F$15,6,FALSE)*Q66 -> 21540654 | AB66: =VLOOKUP(H66,'PARAMETRIZACION '!$A$4:$F$15,6,FALSE)*Q66 -> 21540654 | AC66: =VLOOKUP(H66,'PARAMETRIZACION '!$A$4:$F$15,6,FALSE)*Q66 -> 21540654 | AD66: =SUM(V66:AC66) -> 182343231 | AE66: =R66-AD66 -> 0
A67: CZ PASTO 2 | B67: 1336 | G67: Pasto | H67: CENTRO DE DESARROLLO INFANTIL A - INSTITUCIONAL | I67: Centro de Desarrollo Infantil - A – Institucional | J67: Prestar los servicios de educación inicial en el marco de la atención Integral a la primera infancia de conformidad con los Manuales Técnicos, Guías Operativas para la Atención a la Primera Infancia y los lineamientos establecidos por el ICBF, en armonía con la Política de Estado para el Desarrollo Integral de la Primera Infancia de “Cero a Siempre. | K67: C-4602-1500-9-704020-4602020-02 | L67: 10 | M67: 900511039 | N67: FUNDACION ITZAYANA QUE SIGNIFICA REGALO DE DIOS | O67: 45930 | P67: 1 | Q67: 250 | R67: 1047212500 | S67: =IF(B67=B66,0,SUMIFS($R$4:$R$95,$B$4:$B$95,B67)) -> 1843822468 | T67: =ROUND((S67*2%),0) -> 36876449 | U67: =S67+T67 -> 1880698917 | V67: =VLOOKUP(H67,'PARAMETRIZACION '!$A$4:$F$15,4,FALSE)*Q67+(VLOOKUP(H67,'PARAMETRIZACION '!$A$4:$F$15,6,FALSE)*Q67) -> 166598500 | W67: =VLOOKUP(H67,'PARAMETRIZACION '!$A$4:$F$15,6,FALSE)*Q67 -> 125802000 | X67: =VLOOKUP(H67,'PARAMETRIZACION '!$A$4:$F$15,6,FALSE)*Q67 -> 125802000 | Y67: =VLOOKUP(H67,'PARAMETRIZACION '!$A$4:$F$15,6,FALSE)*Q67 -> 125802000 | Z67: =VLOOKUP(H67,'PARAMETRIZACION '!$A$4:$F$15,6,FALSE)*Q67 -> 125802000 | AA67: =VLOOKUP(H67,'PARAMETRIZACION '!$A$4:$F$15,6,FALSE)*Q67 -> 125802000 | AB67: =VLOOKUP(H67,'PARAMETRIZACION '!$A$4:$F$15,6,FALSE)*Q67 -> 125802000 | AC67: =VLOOKUP(H67,'PARAMETRIZACION '!$A$4:$F$15,6,FALSE)*Q67 -> 125802000 | AD67: =SUM(V67:AC67) -> 1047212500 | AE67: =R67-AD67 -> 0
A68: CZ PASTO 2 | B68: 1336 | G68: Pasto | H68: CENTRO DE DESARROLLO INFANTIL CON ARRIENDO - INSTITUCIONAL | I68: Centro de Desarrollo Infantil - A – Institucional | J68: Prestar los servicios de educación inicial en el marco de la atención Integral a la primera infancia de conformidad con los Manuales Técnicos, Guías Operativas para la Atención a la Primera Infancia y los lineamientos establecidos por el ICBF, en armonía con la Política de Estado para el Desarrollo Integral de la Primera Infancia de “Cero a Siempre. | K68: C-4602-1500-9-704020-4602020-02 | L68: 10 | M68: 900511039 | N68: FUNDACION ITZAYANA QUE SIGNIFICA REGALO DE DIOS | O68: 45930 | P68: 1 | Q68: 184 | R68: 796609968 | S68: =IF(B68=B67,0,SUMIFS($R$4:$R$95,$B$4:$B$95,B68)) -> 0 | T68: =ROUND((S68*2%),0) -> 0 | U68: =S68+T68 -> 0 | V68: =VLOOKUP(H68,'PARAMETRIZACION '!$A$4:$F$15,4,FALSE)*Q68+(VLOOKUP(H68,'PARAMETRIZACION '!$A$4:$F$15,6,FALSE)*Q68) -> 125849192 | W68: =VLOOKUP(H68,'PARAMETRIZACION '!$A$4:$F$15,6,FALSE)*Q68 -> 95822968 | X68: =VLOOKUP(H68,'PARAMETRIZACION '!$A$4:$F$15,6,FALSE)*Q68 -> 95822968 | Y68: =VLOOKUP(H68,'PARAMETRIZACION '!$A$4:$F$15,6,FALSE)*Q68 -> 95822968 | Z68: =VLOOKUP(H68,'PARAMETRIZACION '!$A$4:$F$15,6,FALSE)*Q68 -> 95822968 | AA68: =VLOOKUP(H68,'PARAMETRIZACION '!$A$4:$F$15,6,FALSE)*Q68 -> 95822968 | AB68: =VLOOKUP(H68,'PARAMETRIZACION '!$A$4:$F$15,6,FALSE)*Q68 -> 95822968 | AC68: =VLOOKUP(H68,'PARAMETRIZACION '!$A$4:$F$15,6,FALSE)*Q68 -> 95822968 | AD68: =SUM(V68:AC68) -> 796609968 | AE68: =R68-AD68 -> 0
A69: CZ PASTO 2 | B69: 1338 | G69: Pasto | H69: CENTRO DE DESARROLLO INFANTIL A - INSTITUCIONAL | I69: Centro de Desarrollo Infantil - A – Institucional | J69: Prestar los servicios de educación inicial en el marco de la atención Integral a la primera infancia de conformidad con los Manuales Técnicos, Guías Operativas para la Atención a la Primera Infancia y los lineamientos establecidos por el ICBF, en armonía con la Política de Estado para el Desarrollo Integral de la Primera Infancia de “Cero a Siempre. | K69: C-4602-1500-9-704020-4602020-02 | L69: 10 | M69: 900511039 | N69: FUNDACION ITZAYANA QUE SIGNIFICA REGALO DE DIOS | O69: 45930 | P69: 2 | Q69: 188 | R69: 787503800 | S69: =IF(B69=B68,0,SUMIFS($R$4:$R$95,$B$4:$B$95,B69)) -> 2185900646 | T69: =ROUND((S69*2%),0) -> 43718013 | U69: =S69+T69 -> 2229618659 | V69: =VLOOKUP(H69,'PARAMETRIZACION '!$A$4:$F$15,4,FALSE)*Q69+(VLOOKUP(H69,'PARAMETRIZACION '!$A$4:$F$15,6,FALSE)*Q69) -> 125282072 | W69: =VLOOKUP(H69,'PARAMETRIZACION '!$A$4:$F$15,6,FALSE)*Q69 -> 94603104 | X69: =VLOOKUP(H69,'PARAMETRIZACION '!$A$4:$F$15,6,FALSE)*Q69 -> 94603104 | Y69: =VLOOKUP(H69,'PARAMETRIZACION '!$A$4:$F$15,6,FALSE)*Q69 -> 94603104 | Z69: =VLOOKUP(H69,'PARAMETRIZACION '!$A$4:$F$15,6,FALSE)*Q69 -> 94603104 | AA69: =VLOOKUP(H69,'PARAMETRIZACION '!$A$4:$F$15,6,FALSE)*Q69 -> 94603104 | AB69: =VLOOKUP(H69,'PARAMETRIZACION '!$A$4:$F$15,6,FALSE)*Q69 -> 94603104 | AC69: =VLOOKUP(H69,'PARAMETRIZACION '!$A$4:$F$15,6,FALSE)*Q69 -> 94603104 | AD69: =SUM(V69:AC69) -> 787503800 | AE69: =R69-AD69 -> 0
A70: CZ PASTO 2 | B70: 1338 | G70: Pasto | H70: CENTRO DE DESARROLLO INFANTIL CON ARRIENDO - INSTITUCIONAL | I70: Centro de Desarrollo Infantil - A – Institucional | J70: Prestar los servicios de educación inicial en el marco de la atención Integral a la primera infancia de conformidad con los Manuales Técnicos, Guías Operativas para la Atención a la Primera Infancia y los lineamientos establecidos por el ICBF, en armonía con la Política de Estado para el Desarrollo Integral de la Primera Infancia de “Cero a Siempre. | K70: C-4602-1500-9-704020-4602020-02 | L70: 10 | M70: 900511039 | N70: FUNDACION ITZAYANA QUE SIGNIFICA REGALO DE DIOS | O70: 45930 | P70: 3 | Q70: 323 | R70: 1398396846 | S70: =IF(B70=B69,0,SUMIFS($R$4:$R$95,$B$4:$B$95,B70)) -> 0 | T70: =ROUND((S70*2%),0) -> 0 | U70: =S70+T70 -> 0 | V70: =VLOOKUP(H70,'PARAMETRIZACION '!$A$4:$F$15,4,FALSE)*Q70+(VLOOKUP(H70,'PARAMETRIZACION '!$A$4:$F$15,6,FALSE)*Q70) -> 220920049 | W70: =VLOOKUP(H70,'PARAMETRIZACION '!$A$4:$F$15,6,FALSE)*Q70 -> 168210971 | X70: =VLOOKUP(H70,'PARAMETRIZACION '!$A$4:$F$15,6,FALSE)*Q70 -> 168210971 | Y70: =VLOOKUP(H70,'PARAMETRIZACION '!$A$4:$F$15,6,FALSE)*Q70 -> 168210971 | Z70: =VLOOKUP(H70,'PARAMETRIZACION '!$A$4:$F$15,6,FALSE)*Q70 -> 168210971 | AA70: =VLOOKUP(H70,'PARAMETRIZACION '!$A$4:$F$15,6,FALSE)*Q70 -> 168210971 | AB70: =VLOOKUP(H70,'PARAMETRIZACION '!$A$4:$F$15,6,FALSE)*Q70 -> 168210971 | AC70: =VLOOKUP(H70,'PARAMETRIZACION '!$A$4:$F$15,6,FALSE)*Q70 -> 168210971 | AD70: =SUM(V70:AC70) -> 1398396846 | AE70: =R70-AD70 -> 0
A71: CZ PASTO 2 | B71: 1341 | G71: Pasto | H71: EDUCACIÓN INICIAL EN EL HOGAR A SIN RACION - FAMILIAR Y COMUNITARIA | I71: Educación Inicial en el Hogar - A - Familiar y Comunitaria | J71: Prestar los servicios de educación inicial en el marco de la atención Integral a la primera infancia de conformidad con los Manuales Técnicos, Guías Operativas para la Atención a la Primera Infancia y los lineamientos establecidos por el ICBF, en armonía con la Política de Estado para el Desarrollo Integral de la Primera Infancia de “Cero a Siempre. | K71: C-4602-1500-9-704020-4602020-02 | L71: 10 | M71: 814005633 | N71: ICTUS - REMANDO JUNTOS | O71: 45930 | P71: 20 | Q71: 300 | R71: 455791500 | S71: =IF(B71=B70,0,SUMIFS($R$4:$R$95,$B$4:$B$95,B71)) -> 455791500 | T71: =ROUND((S71*2%),0) -> 9115830 | U71: =S71+T71 -> 464907330 | V71: =VLOOKUP(H71,'PARAMETRIZACION '!$A$4:$F$15,4,FALSE)*Q71+(VLOOKUP(H71,'PARAMETRIZACION '!$A$4:$F$15,6,FALSE)*Q71) -> 79177500 | W71: =VLOOKUP(H71,'PARAMETRIZACION '!$A$4:$F$15,6,FALSE)*Q71 -> 53802000 | X71: =VLOOKUP(H71,'PARAMETRIZACION '!$A$4:$F$15,6,FALSE)*Q71 -> 53802000 | Y71: =VLOOKUP(H71,'PARAMETRIZACION '!$A$4:$F$15,6,FALSE)*Q71 -> 53802000 | Z71: =VLOOKUP(H71,'PARAMETRIZACION '!$A$4:$F$15,6,FALSE)*Q71 -> 53802000 | AA71: =VLOOKUP(H71,'PARAMETRIZACION '!$A$4:$F$15,6,FALSE)*Q71 -> 53802000 | AB71: =VLOOKUP(H71,'PARAMETRIZACION '!$A$4:$F$15,6,FALSE)*Q71 -> 53802000 | AC71: =VLOOKUP(H71,'PARAMETRIZACION '!$A$4:$F$15,6,FALSE)*Q71 -> 53802000 | AD71: =SUM(V71:AC71) -> 455791500 | AE71: =R71-AD71 -> 0
A72: CZ REMOLINO | B72: 1305 | G72: Leiva | H72: CENTRO DE DESARROLLO INFANTIL A - INSTITUCIONAL | I72: Centro de Desarrollo Infantil - A – Institucional | J72: Prestar los servicios de educación inicial en el marco de la atención Integral a la primera infancia de conformidad con los Manuales Técnicos, Guías Operativas para la Atención a la Primera Infancia y los lineamientos establecidos por el ICBF, en armonía con la Política de Estado para el Desarrollo Integral de la Primera Infancia de “Cero a Siempre. | K72: C-4602-1500-9-704020-4602020-02 | L72: 10 | M72: 901097975 | N72: FUNDACION NARIÑO VERDE | O72: 45930 | P72: 1 | Q72: 105 | R72: 439829250 | S72: =IF(B72=B71,0,SUMIFS($R$4:$R$95,$B$4:$B$95,B72)) -> 1230502180 | T72: =ROUND((S72*2%),0) -> 24610044 | U72: =S72+T72 -> 1255112224 | V72: =VLOOKUP(H72,'PARAMETRIZACION '!$A$4:$F$15,4,FALSE)*Q72+(VLOOKUP(H72,'PARAMETRIZACION '!$A$4:$F$15,6,FALSE)*Q72) -> 69971370 | W72: =VLOOKUP(H72,'PARAMETRIZACION '!$A$4:$F$15,6,FALSE)*Q72 -> 52836840 | X72: =VLOOKUP(H72,'PARAMETRIZACION '!$A$4:$F$15,6,FALSE)*Q72 -> 52836840 | Y72: =VLOOKUP(H72,'PARAMETRIZACION '!$A$4:$F$15,6,FALSE)*Q72 -> 52836840 | Z72: =VLOOKUP(H72,'PARAMETRIZACION '!$A$4:$F$15,6,FALSE)*Q72 -> 52836840 | AA72: =VLOOKUP(H72,'PARAMETRIZACION '!$A$4:$F$15,6,FALSE)*Q72 -> 52836840 | AB72: =VLOOKUP(H72,'PARAMETRIZACION '!$A$4:$F$15,6,FALSE)*Q72 -> 52836840 | AC72: =VLOOKUP(H72,'PARAMETRIZACION '!$A$4:$F$15,6,FALSE)*Q72 -> 52836840 | AD72: =SUM(V72:AC72) -> 439829250 | AE72: =R72-AD72 -> 0
A73: CZ REMOLINO | B73: 1305 | G73: Leiva | H73: EDUCACIÓN INICIAL CAMPESINA A - PROPIA E INTERCULTURAL | I73: Educación Inicial Campesina - A - Propia e Intercultural | J73: Prestar los servicios de educación inicial en el marco de la atención Integral a la primera infancia de conformidad con los Manuales Técnicos, Guías Operativas para la Atención a la Primera Infancia y los lineamientos establecidos por el ICBF, en armonía con la Política de Estado para el Desarrollo Integral de la Primera Infancia de “Cero a Siempre. | K73: C-4602-1500-9-704020-4602020-02 | L73: 10 | M73: 901097975 | N73: FUNDACION NARIÑO VERDE | O73: 45930 | P73: 1 | Q73: 1 | R73: 3623257 | S73: =IF(B73=B72,0,SUMIFS($R$4:$R$95,$B$4:$B$95,B73)) -> 0 | T73: =ROUND((S73*2%),0) -> 0 | U73: =S73+T73 -> 0 | V73: =VLOOKUP(H73,'PARAMETRIZACION '!$A$4:$F$15,4,FALSE)*Q73+(VLOOKUP(H73,'PARAMETRIZACION '!$A$4:$F$15,6,FALSE)*Q73) -> 557474 | W73: =VLOOKUP(H73,'PARAMETRIZACION '!$A$4:$F$15,6,FALSE)*Q73 -> 437969 | X73: =VLOOKUP(H73,'PARAMETRIZACION '!$A$4:$F$15,6,FALSE)*Q73 -> 437969 | Y73: =VLOOKUP(H73,'PARAMETRIZACION '!$A$4:$F$15,6,FALSE)*Q73 -> 437969 | Z73: =VLOOKUP(H73,'PARAMETRIZACION '!$A$4:$F$15,6,FALSE)*Q73 -> 437969 | AA73: =VLOOKUP(H73,'PARAMETRIZACION '!$A$4:$F$15,6,FALSE)*Q73 -> 437969 | AB73: =VLOOKUP(H73,'PARAMETRIZACION '!$A$4:$F$15,6,FALSE)*Q73 -> 437969 | AC73: =VLOOKUP(H73,'PARAMETRIZACION '!$A$4:$F$15,6,FALSE)*Q73 -> 437969 | AD73: =SUM(V73:AC73) -> 3623257 | AE73: =R73-AD73 -> 0
A74: CZ REMOLINO | B74: 1305 | G74: Leiva | H74: EDUCACIÓN INICIAL CAMPESINA A SIN RACION - PROPIA E INTERCULTURAL | I74: Educación Inicial Campesina - A - Propia e Intercultural | J74: Prestar los servicios de educación inicial en el marco de la atención Integral a la primera infancia de conformidad con los Manuales Técnicos, Guías Operativas para la Atención a la Primera Infancia y los lineamientos establecidos por el ICBF, en armonía con la Política de Estado para el Desarrollo Integral de la Primera Infancia de “Cero a Siempre. | K74: C-4602-1500-9-704020-4602020-02 | L74: 10 | M74: 901097975 | N74: FUNDACION NARIÑO VERDE | O74: 45930 | P74: 28 | Q74: 361 | R74: 787049673 | S74: =IF(B74=B73,0,SUMIFS($R$4:$R$95,$B$4:$B$95,B74)) -> 0 | T74: =ROUND((S74*2%),0) -> 0 | U74: =S74+T74 -> 0 | V74: =VLOOKUP(H74,'PARAMETRIZACION '!$A$4:$F$15,4,FALSE)*Q74+(VLOOKUP(H74,'PARAMETRIZACION '!$A$4:$F$15,6,FALSE)*Q74) -> 136129851 | W74: =VLOOKUP(H74,'PARAMETRIZACION '!$A$4:$F$15,6,FALSE)*Q74 -> 92988546 | X74: =VLOOKUP(H74,'PARAMETRIZACION '!$A$4:$F$15,6,FALSE)*Q74 -> 92988546 | Y74: =VLOOKUP(H74,'PARAMETRIZACION '!$A$4:$F$15,6,FALSE)*Q74 -> 92988546 | Z74: =VLOOKUP(H74,'PARAMETRIZACION '!$A$4:$F$15,6,FALSE)*Q74 -> 92988546 | AA74: =VLOOKUP(H74,'PARAMETRIZACION '!$A$4:$F$15,6,FALSE)*Q74 -> 92988546 | AB74: =VLOOKUP(H74,'PARAMETRIZACION '!$A$4:$F$15,6,FALSE)*Q74 -> 92988546 | AC74: =VLOOKUP(H74,'PARAMETRIZACION '!$A$4:$F$15,6,FALSE)*Q74 -> 92988546 | AD74: =SUM(V74:AC74) -> 787049673 | AE74: =R74-AD74 -> 0
A75: CZ REMOLINO | B75: 1317 | G75: Cumbitara | H75: CENTRO DE DESARROLLO INFANTIL A - INSTITUCIONAL | I75: Centro de Desarrollo Infantil - A – Institucional | J75: Prestar los servicios de educación inicial en el marco de la atención Integral a la primera infancia de conformidad con los Manuales Técnicos, Guías Operativas para la Atención a la Primera Infancia y los lineamientos establecidos por el ICBF, en armonía con la Política de Estado para el Desarrollo Integral de la Primera Infancia de “Cero a Siempre. | K75: C-4602-1500-9-704020-4602020-02 | L75: 10 | M75: 901097975 | N75: FUNDACION NARIÑO VERDE | O75: 45930 | P75: 5 | Q75: 151 | R75: 632516350 | S75: =IF(B75=B74,0,SUMIFS($R$4:$R$95,$B$4:$B$95,B75)) -> 1528110913 | T75: =ROUND((S75*2%),0) -> 30562218 | U75: =S75+T75 -> 1558673131 | V75: =VLOOKUP(H75,'PARAMETRIZACION '!$A$4:$F$15,4,FALSE)*Q75+(VLOOKUP(H75,'PARAMETRIZACION '!$A$4:$F$15,6,FALSE)*Q75) -> 100625494 | W75: =VLOOKUP(H75,'PARAMETRIZACION '!$A$4:$F$15,6,FALSE)*Q75 -> 75984408 | X75: =VLOOKUP(H75,'PARAMETRIZACION '!$A$4:$F$15,6,FALSE)*Q75 -> 75984408 | Y75: =VLOOKUP(H75,'PARAMETRIZACION '!$A$4:$F$15,6,FALSE)*Q75 -> 75984408 | Z75: =VLOOKUP(H75,'PARAMETRIZACION '!$A$4:$F$15,6,FALSE)*Q75 -> 75984408 | AA75: =VLOOKUP(H75,'PARAMETRIZACION '!$A$4:$F$15,6,FALSE)*Q75 -> 75984408 | AB75: =VLOOKUP(H75,'PARAMETRIZACION '!$A$4:$F$15,6,FALSE)*Q75 -> 75984408 | AC75: =VLOOKUP(H75,'PARAMETRIZACION '!$A$4:$F$15,6,FALSE)*Q75 -> 75984408 | AD75: =SUM(V75:AC75) -> 632516350 | AE75: =R75-AD75 -> 0
A76: CZ REMOLINO | B76: 1317 | G76: Cumbitara | H76: CENTRO DE DESARROLLO INFANTIL CON ARRIENDO - INSTITUCIONAL | I76: Centro de Desarrollo Infantil - A – Institucional | J76: Prestar los servicios de educación inicial en el marco de la atención Integral a la primera infancia de conformidad con los Manuales Técnicos, Guías Operativas para la Atención a la Primera Infancia y los lineamientos establecidos por el ICBF, en armonía con la Política de Estado para el Desarrollo Integral de la Primera Infancia de “Cero a Siempre. | K76: C-4602-1500-9-704020-4602020-02 | L76: 10 | M76: 901097975 | N76: FUNDACION NARIÑO VERDE | O76: 45930 | P76: 1 | Q76: 15 | R76: 64941030 | S76: =IF(B76=B75,0,SUMIFS($R$4:$R$95,$B$4:$B$95,B76)) -> 0 | T76: =ROUND((S76*2%),0) -> 0 | U76: =S76+T76 -> 0 | V76: =VLOOKUP(H76,'PARAMETRIZACION '!$A$4:$F$15,4,FALSE)*Q76+(VLOOKUP(H76,'PARAMETRIZACION '!$A$4:$F$15,6,FALSE)*Q76) -> 10259445 | W76: =VLOOKUP(H76,'PARAMETRIZACION '!$A$4:$F$15,6,FALSE)*Q76 -> 7811655 | X76: =VLOOKUP(H76,'PARAMETRIZACION '!$A$4:$F$15,6,FALSE)*Q76 -> 7811655 | Y76: =VLOOKUP(H76,'PARAMETRIZACION '!$A$4:$F$15,6,FALSE)*Q76 -> 7811655 | Z76: =VLOOKUP(H76,'PARAMETRIZACION '!$A$4:$F$15,6,FALSE)*Q76 -> 7811655 | AA76: =VLOOKUP(H76,'PARAMETRIZACION '!$A$4:$F$15,6,FALSE)*Q76 -> 7811655 | AB76: =VLOOKUP(H76,'PARAMETRIZACION '!$A$4:$F$15,6,FALSE)*Q76 -> 7811655 | AC76: =VLOOKUP(H76,'PARAMETRIZACION '!$A$4:$F$15,6,FALSE)*Q76 -> 7811655 | AD76: =SUM(V76:AC76) -> 64941030 | AE76: =R76-AD76 -> 0
A77: CZ REMOLINO | B77: 1317 | G77: Cumbitara | H77: EDUCACIÓN INICIAL CAMPESINA A SIN RACION - PROPIA E INTERCULTURAL | I77: Educación Inicial Campesina - A - Propia e Intercultural | J77: Prestar los servicios de educación inicial en el marco de la atención Integral a la primera infancia de conformidad con los Manuales Técnicos, Guías Operativas para la Atención a la Primera Infancia y los lineamientos establecidos por el ICBF, en armonía con la Política de Estado para el Desarrollo Integral de la Primera Infancia de “Cero a Siempre. | K77: C-4602-1500-9-704020-4602020-02 | L77: 10 | M77: 901097975 | N77: FUNDACION NARIÑO VERDE | O77: 45930 | P77: 25 | Q77: 381 | R77: 830653533 | S77: =IF(B77=B76,0,SUMIFS($R$4:$R$95,$B$4:$B$95,B77)) -> 0 | T77: =ROUND((S77*2%),0) -> 0 | U77: =S77+T77 -> 0 | V77: =VLOOKUP(H77,'PARAMETRIZACION '!$A$4:$F$15,4,FALSE)*Q77+(VLOOKUP(H77,'PARAMETRIZACION '!$A$4:$F$15,6,FALSE)*Q77) -> 143671671 | W77: =VLOOKUP(H77,'PARAMETRIZACION '!$A$4:$F$15,6,FALSE)*Q77 -> 98140266 | X77: =VLOOKUP(H77,'PARAMETRIZACION '!$A$4:$F$15,6,FALSE)*Q77 -> 98140266 | Y77: =VLOOKUP(H77,'PARAMETRIZACION '!$A$4:$F$15,6,FALSE)*Q77 -> 98140266 | Z77: =VLOOKUP(H77,'PARAMETRIZACION '!$A$4:$F$15,6,FALSE)*Q77 -> 98140266 | AA77: =VLOOKUP(H77,'PARAMETRIZACION '!$A$4:$F$15,6,FALSE)*Q77 -> 98140266 | AB77: =VLOOKUP(H77,'PARAMETRIZACION '!$A$4:$F$15,6,FALSE)*Q77 -> 98140266 | AC77: =VLOOKUP(H77,'PARAMETRIZACION '!$A$4:$F$15,6,FALSE)*Q77 -> 98140266 | AD77: =SUM(V77:AC77) -> 830653533 | AE77: =R77-AD77 -> 0
A78: CZ TUMACO | B78: 1318 | G78: El Charco | H78: CENTRO DE DESARROLLO INFANTIL A SIN RACION - INSTITUCIONAL | I78: Centro de Desarrollo Infantil - A – Institucional | J78: Prestar los servicios de educación inicial en el marco de la atención Integral a la primera infancia de conformidad con los Manuales Técnicos, Guías Operativas para la Atención a la Primera Infancia y los lineamientos establecidos por el ICBF, en armonía con la Política de Estado para el Desarrollo Integral de la Primera Infancia de “Cero a Siempre. | K78: C-4602-1500-9-704020-4602020-02 | L78: 10 | M78: 900886573 | N78: FUNDACION SOCIAL Y DEPORTIVA EL PROGRESO | O78: 45930 | P78: 1 | Q78: 77 | R78: 227666362 | S78: =IF(B78=B77,0,SUMIFS($R$4:$R$95,$B$4:$B$95,B78)) -> 651947758 | T78: =ROUND((S78*2%),0) -> 13038955 | U78: =S78+T78 -> 664986713 | V78: =VLOOKUP(H78,'PARAMETRIZACION '!$A$4:$F$15,4,FALSE)*Q78+(VLOOKUP(H78,'PARAMETRIZACION '!$A$4:$F$15,6,FALSE)*Q78) -> 39452952 | W78: =VLOOKUP(H78,'PARAMETRIZACION '!$A$4:$F$15,6,FALSE)*Q78 -> 26887630 | X78: =VLOOKUP(H78,'PARAMETRIZACION '!$A$4:$F$15,6,FALSE)*Q78 -> 26887630 | Y78: =VLOOKUP(H78,'PARAMETRIZACION '!$A$4:$F$15,6,FALSE)*Q78 -> 26887630 | Z78: =VLOOKUP(H78,'PARAMETRIZACION '!$A$4:$F$15,6,FALSE)*Q78 -> 26887630 | AA78: =VLOOKUP(H78,'PARAMETRIZACION '!$A$4:$F$15,6,FALSE)*Q78 -> 26887630 | AB78: =VLOOKUP(H78,'PARAMETRIZACION '!$A$4:$F$15,6,FALSE)*Q78 -> 26887630 | AC78: =VLOOKUP(H78,'PARAMETRIZACION '!$A$4:$F$15,6,FALSE)*Q78 -> 26887630 | AD78: =SUM(V78:AC78) -> 227666362 | AE78: =R78-AD78 -> 0
... A95: CZ TUQUERRES | B95: 1361 | G95: Santacruz | H95: CENTRO DE DESARROLLO INFANTIL A - INSTITUCIONAL | I95: Centro de Desarrollo Infantil - A – Institucional | J95: Prestar los servicios de educación inicial en el marco de la atención Integral a la primera infancia de conformidad con los Manuales Técnicos, Guías Operativas para la Atención a la Primera Infancia y los lineamientos establecidos por el ICBF, en armonía con la Política de Estado para el Desarrollo Integral de la Primera Infancia de “Cero a Siempre. | K95: C-4602-1500-9-704020-4602020-02 | L95: 10 | M95: 800078357 | N95: ASOCIACION DE USUARIOS DEL PROGRAMA DE HOGARES COMUNITARIOS DE BIENESTAR NUEVO HORIZONTE | O95: 45930 | P95: 3 | Q95: 114 | R95: 477528900 | S95: =IF(B95=B94,0,SUMIFS($R$4:$R$95,$B$4:$B$95,B95)) -> 477528900 | T95: =ROUND((S95*2%),0) -> 9550578 | U95: =S95+T95 -> 487079478 | V95: =VLOOKUP(H95,'PARAMETRIZACION '!$A$4:$F$15,4,FALSE)*Q95+(VLOOKUP(H95,'PARAMETRIZACION '!$A$4:$F$15,6,FALSE)*Q95) -> 75968916 | W95: =VLOOKUP(H95,'PARAMETRIZACION '!$A$4:$F$15,6,FALSE)*Q95 -> 57365712 | X95: =VLOOKUP(H95,'PARAMETRIZACION '!$A$4:$F$15,6,FALSE)*Q95 -> 57365712 | Y95: =VLOOKUP(H95,'PARAMETRIZACION '!$A$4:$F$15,6,FALSE)*Q95 -> 57365712 | Z95: =VLOOKUP(H95,'PARAMETRIZACION '!$A$4:$F$15,6,FALSE)*Q95 -> 57365712 | AA95: =VLOOKUP(H95,'PARAMETRIZACION '!$A$4:$F$15,6,FALSE)*Q95 -> 57365712 | AB95: =VLOOKUP(H95,'PARAMETRIZACION '!$A$4:$F$15,6,FALSE)*Q95 -> 57365712 | AC95: =VLOOKUP(H95,'PARAMETRIZACION '!$A$4:$F$15,6,FALSE)*Q95 -> 57365712 | AD95: =SUM(V95:AC95) -> 477528900 | AE95: =R95-AD95 -> 0
A96: VALOR TOTAL DEL CONTRATO | P96: =SUBTOTAL(9,P4:P95) -> 462 | Q96: =SUBTOTAL(9,Q4:Q95) -> 17341 | R96: =SUBTOTAL(9,R4:R95) -> 54490574774 | S96: =SUBTOTAL(9,S4:S95) -> 54490574774 | T96: =SUBTOTAL(9,T4:T95) -> 1089811495 | U96: =SUBTOTAL(9,U4:U95) -> 55580386269 | V96: =SUBTOTAL(9,V4:V95) -> 8944569178 | W96: =SUBTOTAL(9,W4:W95) -> 6506572228 | ... AE96: =SUBTOTAL(9,AE4:AE95) -> 0

Sheet PARAMETRIZACION 
A3: NOMBRE DEL SERVICIO | B3: NOMBRE DEL SERVICIO SIM (INFORMATIVO) | C3: Suma de CUPOS | D3: VALOR ALISTAMIENTO | E3: VALOR TOTAL ALISTAMIENTO | F3: COSTO MES ATENCION | G3: VALOR TOTAL ATENCION | H3: VALOR TOTAL CONTRATO
A4: CENTRO DE DESARROLLO INFANTIL A - INSTITUCIONAL | B4: Centro de Desarrollo Infantil - A – Institucional | C4: 413 | D4: 163186 | E4: =C4*D4 -> 67395818 | F4: 503208 | G4: =C4*F4*8 -> 1662599232 | H4: =E4+G4 -> 1729995050
A5: CENTRO DE DESARROLLO INFANTIL A SIN RACION - INSTITUCIONAL | B5: Centro de Desarrollo Infantil - A – Institucional | C5: 871 | D5: 163186 | E5: =C5*D5 -> 142135006 | F5: 349190 | G5: =C5*F5*8 -> 2433155920 | H5: =E5+G5 -> 2575290926
A6: CENTRO DE DESARROLLO INFANTIL CON ARRIENDO - INSTITUCIONAL | B6: Centro de Desarrollo Infantil - A – Institucional | C6: 461 | D6: 163186 | E6: =C6*D6 -> 75228746 | F6: 520777 | G6: =C6*F6*8 -> 1920625576 | H6: =E6+G6 -> 1995854322
A7: EDUCACIÓN INICIAL CAMPESINA A - PROPIA E INTERCULTURAL | B7: Educación Inicial Campesina - A - Propia e Intercultural | C7: 2240 | D7: 119505 | E7: =C7*D7 -> 267691200 | F7: 437969 | G7: =C7*F7*8 -> 7848404480 | H7: =E7+G7 -> 8116095680
A8: EDUCACIÓN INICIAL CAMPESINA B - PROPIA E INTERCULTURAL | B8: Educación Inicial Campesina - B - Propia e Intercultural | C8: 1094 | D8: 123679 | E8: =C8*D8 -> 135304826 | F8: 446317 | G8: =C8*F8*8 -> 3906166384 | H8: =E8+G8 -> 4041471210
A9: EDUCACIÓN INICIAL EN EL HOGAR A SIN RACION - FAMILIAR Y COMUNITARIA | B9: Educación Inicial en el Hogar - A - Familiar y Comunitaria | C9: 1511 | D9: 84585 | E9: =C9*D9 -> 127807935 | F9: 179340 | G9: =C9*F9*8 -> 2167861920 | H9: =E9+G9 -> 2295669855
A10: EDUCACIÓN INICIAL PROPIA DIARIA - PROPIA E INTERCULTURAL | B10: Educación Inicial Propia Diaria - Propia e Intercultural | C10: 4659 | D10: 135715 | E10: =C10*D10 -> 632296185 | F10: 462016 | G10: =C10*F10*8 -> 17220260352 | H10: =E10+G10 -> 17852556537
A11: EDUCACIÓN INICIAL PROPIA PERIODICA SIN RACION - PROPIA E INTERCULTURAL | B11: Educación Inicial Propia Periodica – Propia e Intercultural | C11: 1409 | D11: 100481 | E11: =C11*D11 -> 141577729 | F11: 247557 | G11: =C11*F11*8 -> 2790462504 | H11: =E11+G11 -> 2932040233
A12: HOGAR INFANTIL - INSTITUCIONAL | B12: Hogar Infantil – Institucional | C12: 490 | D12: 163186 | E12: =C12*D12 -> 79961140 | F12: 503208 | G12: =C12*F12*8 -> 1972575360 | H12: =E12+G12 -> 2052536500
A13: JARDINES INTERCULTURALES DE EDUCACION INICIAL SIN RACION - PROPIA E INTERCULTURAL | B13: Jardines Interculturales de Educacion Inicial - A - Propia e Intercultural | C13: 75 | D13: 123564 | E13: =C13*D13 -> 9267300 | F13: 310056 | G13: =C13*F13*8 -> 186033600 | H13: =E13+G13 -> 195300900
A14: EDUCACIÓN INICIAL CAMPESINA A SIN RACION - PROPIA E INTERCULTURAL | B14: Educación Inicial Campesina - A - Propia e Intercultural | C14: 5133 | D14: 119505 | E14: =C14*D14 -> 613419165 | F14: 257586 | G14: =C14*F14*8 -> 10577511504 | H14: =E14+G14 -> 11190930669
A15: EDUCACIÓN INICIAL CAMPESINA B SIN RACION - PROPIA E INTERCULTURAL | B15: Educación Inicial Campesina - B - Propia e Intercultural | C15: 100 | D15: 123679 | E15: =C15*D15 -> 12367900 | F15: 265934 | G15: =C15*F15*8 -> 212747200 | H15: =E15+G15 -> 225115100
A16: Total general | C16: 18456 | D16: =SUM(D4:D15) -> 1583457 | E16: =SUM(E4:E15) -> 2304452950 | F16: =SUM(F4:F15) -> 4483158 | G16: =SUM(G4:G15) -> 52898404032 | H16: =SUM(H4:H15) -> 55202856982
A18: EDUCACIÓN INICIAL EN EL HOGAR A - FAMILIAR Y COMUNITARIA | B18: Educación Inicial en el Hogar - A - Familiar y Comunitaria | D18: 84585 | F18: 367661

Sheet Hoja2
A3: CENTROZONALUDS | B3: ZONA DEFINITIVO2 | C3: MUNICIPIO | D3: HOMOLOGACIÓN SERVICIO 2025 | E3: NIT | F3: EAS | G3: Cuenta de CODIGO UNIDAD SERVICIO UDS | H3: Suma de TOTAL COBERTURA (NIÑOS Y NIÑAS A ATENDER) | I3: Suma de VALOR 2025
A4: CZ BARBACOAS | B4: 1310 | C4: Barbacoas | D4: CENTRO DE DESARROLLO INFANTIL A SIN RACION - INSTITUCIONAL | E4: 901086934 | F4: FUNDACIÓN NIÑOS DEL PACIFICO | G4: 2 | H4: 140 | I4: 413938840
A5: CZ BARBACOAS | B5: 1310 | C5: Barbacoas | D5: EDUCACIÓN INICIAL CAMPESINA A SIN RACION - PROPIA E INTERCULTURAL | E5: 901086934 | F5: FUNDACIÓN NIÑOS DEL PACIFICO | G5: 17 | H5: 837 | I5: 1824821541
A6: CZ BARBACOAS | B6: 1347 | C6: Roberto Payan | D6: CENTRO DE DESARROLLO INFANTIL A SIN RACION - INSTITUCIONAL | E6: 805029466 | F6: ASOCIACION EMPRESARIAL DE SUMINISTROS Y SERVICIOS VARIOS | G6: 5 | H6: 134 | I6: 396198604
A7: CZ BARBACOAS | B7: 1347 | C7: Roberto Payan | D7: EDUCACIÓN INICIAL CAMPESINA A SIN RACION - PROPIA E INTERCULTURAL | E7: 805029466 | F7: ASOCIACION EMPRESARIAL DE SUMINISTROS Y SERVICIOS VARIOS | G7: 5 | H7: 250 | I7: 545048250
A8: CZ IPIALES | B8: 1308 | C8: Aldana | D8: CENTRO DE DESARROLLO INFANTIL A - INSTITUCIONAL | E8: 900032891 | F8: ASOCIACIÓN DE CABILDOS Y/O AUTORIDADES INDIGENAS DEL NUDO DE LOS PASTOS -SHAQUIÑAN | G8: 1 | H8: 45 | I8: 188498250
A9: CZ IPIALES | B9: 1308 | C9: Aldana | D9: CENTRO DE DESARROLLO INFANTIL CON ARRIENDO - INSTITUCIONAL | E9: 900032891 | F9: ASOCIACIÓN DE CABILDOS Y/O AUTORIDADES INDIGENAS DEL NUDO DE LOS PASTOS -SHAQUIÑAN | G9: 1 | H9: 32 | I9: 138540864
A10: CZ IPIALES | B10: 1308 | C10: Guachucal | D10: CENTRO DE DESARROLLO INFANTIL A - INSTITUCIONAL | E10: 900032891 | F10: ASOCIACIÓN DE CABILDOS Y/O AUTORIDADES INDIGENAS DEL NUDO DE LOS PASTOS -SHAQUIÑAN | G10: 1 | H10: 43 | I10: 180120550
A11: CZ IPIALES | B11: 1308 | C11: Guachucal | D11: CENTRO DE DESARROLLO INFANTIL CON ARRIENDO - INSTITUCIONAL | E11: 900032891 | F11: ASOCIACIÓN DE CABILDOS Y/O AUTORIDADES INDIGENAS DEL NUDO DE LOS PASTOS -SHAQUIÑAN | G11: 3 | H11: 106 | I11: 458916612
A12: CZ IPIALES | B12: 1315 | C12: Contadero | D12: CENTRO DE DESARROLLO INFANTIL A - INSTITUCIONAL | E12: 900032891 | F12: ASOCIACIÓN DE CABILDOS Y/O AUTORIDADES INDIGENAS DEL NUDO DE LOS PASTOS -SHAQUIÑAN | G12: 1 | H12: 55 | I12: 230386750
A13: CZ IPIALES | B13: 1315 | C13: Cordoba | D13: CENTRO DE DESARROLLO INFANTIL A - INSTITUCIONAL | E13: 900032891 | F13: ASOCIACIÓN DE CABILDOS Y/O AUTORIDADES INDIGENAS DEL NUDO DE LOS PASTOS -SHAQUIÑAN | G13: 2 | H13: 140 | I13: 586439000
A14: CZ IPIALES | B14: 1315 | C14: Cordoba | D14: EDUCACIÓN INICIAL EN EL HOGAR A SIN RACION - FAMILIAR Y COMUNITARIA | E14: 900032891 | F14: ASOCIACIÓN DE CABILDOS Y/O AUTORIDADES INDIGENAS DEL NUDO DE LOS PASTOS -SHAQUIÑAN | G14: 4 | H14: 100 | I14: 151930500
A15: CZ IPIALES | B15: 1316 | C15: Cuaspud | D15: CENTRO DE DESARROLLO INFANTIL A - INSTITUCIONAL | E15: 900032891 | F15: ASOCIACIÓN DE CABILDOS Y/O AUTORIDADES INDIGENAS DEL NUDO DE LOS PASTOS -SHAQUIÑAN | G15: 1 | H15: 63 | I15: 263897550
... A63: CZ PASTO 2 | B63: 1320 | C63: Sandona | D63: EDUCACIÓN INICIAL EN EL HOGAR A SIN RACION - FAMILIAR Y COMUNITARIA | E63: 814000792 | F63: FUNDACION PARA LA EDUCACION LA AUTOGESTION Y EL PROGRESO | G63: 6 | H63: 100 | I63: 151930500
A64: CZ PASTO 2 | B64: 1332 | C64: Los Andes | D64: CENTRO DE DESARROLLO INFANTIL A - INSTITUCIONAL | E64: 900631966-1 | F64: FUNDACION FUNPERS | G64: 2 | H64: 152 | I64: 636705200
A65: CZ PASTO 2 | B65: 1332 | C65: Los Andes | D65: EDUCACIÓN INICIAL CAMPESINA A SIN RACION - PROPIA E INTERCULTURAL | E65: 900631966-1 | F65: FUNDACION FUNPERS | G65: 5 | H65: 69 | I65: 150433317
A66: CZ PASTO 2 | B66: 1332 | C66: Los Andes | D66: EDUCACIÓN INICIAL CAMPESINA B SIN RACION - PROPIA E INTERCULTURAL | E66: 900631966-1 | F66: FUNDACION FUNPERS | G66: 5 | H66: 81 | I66: 182343231
A67: CZ PASTO 2 | B67: 1336 | C67: Pasto | D67: CENTRO DE DESARROLLO INFANTIL A - INSTITUCIONAL | E67: 900511039 | F67: FUNDACION ITZAYANA QUE SIGNIFICA REGALO DE DIOS | G67: 1 | H67: 250 | I67: 1047212500
A68: CZ PASTO 2 | B68: 1336 | C68: Pasto | D68: CENTRO DE DESARROLLO INFANTIL CON ARRIENDO - INSTITUCIONAL | E68: 900511039 | F68: FUNDACION ITZAYANA QUE SIGNIFICA REGALO DE DIOS | G68: 1 | H68: 184 | I68: 796609968
A69: CZ PASTO 2 | B69: 1338 | C69: Pasto | D69: CENTRO DE DESARROLLO INFANTIL A - INSTITUCIONAL | E69: 900511039 | F69: FUNDACION ITZAYANA QUE SIGNIFICA REGALO DE DIOS | G69: 2 | H69: 188 | I69: 787503800
A70: CZ PASTO 2 | B70: 1338 | C70: Pasto | D70: CENTRO DE DESARROLLO INFANTIL CON ARRIENDO - INSTITUCIONAL | E70: 900511039 | F70: FUNDACION ITZAYANA QUE SIGNIFICA REGALO DE DIOS | G70: 3 | H70: 323 | I70: 1398396846
A71: CZ PASTO 2 | B71: 1341 | C71: Pasto | D71: EDUCACIÓN INICIAL EN EL HOGAR A SIN RACION - FAMILIAR Y COMUNITARIA | E71: 814005633 | F71: ICTUS - REMANDO JUNTOS | G71: 20 | H71: 300 | I71: 455791500
A72: CZ REMOLINO | B72: 1305 | C72: Leiva | D72: CENTRO DE DESARROLLO INFANTIL A - INSTITUCIONAL | E72: 901097975 | F72: FUNDACION NARIÑO VERDE | G72: 1 | H72: 105 | I72: 439829250
A73: CZ REMOLINO | B73: 1305 | C73: Leiva | D73: EDUCACIÓN INICIAL CAMPESINA A - PROPIA E INTERCULTURAL | E73: 901097975 | F73: FUNDACION NARIÑO VERDE | G73: 1 | H73: 1 | I73: 3623257
A74: CZ REMOLINO | B74: 1305 | C74: Leiva | D74: EDUCACIÓN INICIAL CAMPESINA A SIN RACION - PROPIA E INTERCULTURAL | E74: 901097975 | F74: FUNDACION NARIÑO VERDE | G74: 28 | H74: 361 | I74: 787049673
A75: CZ REMOLINO | B75: 1317 | C75: Cumbitara | D75: CENTRO DE DESARROLLO INFANTIL A - INSTITUCIONAL | E75: 901097975 | F75: FUNDACION NARIÑO VERDE | G75: 5 | H75: 151 | I75: 632516350
A76: CZ REMOLINO | B76: 1317 | C76: Cumbitara | D76: CENTRO DE DESARROLLO INFANTIL CON ARRIENDO - INSTITUCIONAL | E76: 901097975 | F76: FUNDACION NARIÑO VERDE | G76: 1 | H76: 15 | I76: 64941030
A77: CZ REMOLINO | B77: 1317 | C77: Cumbitara | D77: EDUCACIÓN INICIAL CAMPESINA A SIN RACION - PROPIA E INTERCULTURAL | E77: 901097975 | F77: FUNDACION NARIÑO VERDE | G77: 25 | H77: 381 | I77: 830653533
A78: CZ TUMACO | B78: 1318 | C78: El Charco | D78: CENTRO DE DESARROLLO INFANTIL A SIN RACION - INSTITUCIONAL | E78: 900886573 | F78: FUNDACION SOCIAL Y DEPORTIVA EL PROGRESO | G78: 1 | H78: 77 | I78: 227666362
... A95: CZ TUQUERRES | B95: 1361 | C95: Santacruz | D95: CENTRO DE DESARROLLO INFANTIL A - INSTITUCIONAL | E95: 800078357 | F95: ASOCIACION DE USUARIOS DEL PROGRAMA DE HOGARES COMUNITARIOS DE BIENESTAR NUEVO HORIZONTE | G95: 3 | H95: 114 | I95: 477528900
A96: Total general | G96: 462 | H96: 17341 | I96: 54490574774

Sheet Hoja1
A1: ZONA DEFINITIVO2 | B1: NIT | C1: EAS | D1: DEPARTAMENTO | E1: LOTE PROCESO 2025(ETAPA DEFINITIVOS) | F1: REGIONAL | G1: MUNICIPIO | H1: CENTROZONALUDS | I1: CODIGO UNIDAD SERVICIO UDS | J1: UNIDAD SERVICIO UDS | K1: DIRECCION UDS | L1: SERVICIO 2024 | M1: HOMOLOGACIÓN SERVICIO 2025 | N1: TOTAL COBERTURA (NIÑOS Y NIÑAS A ATENDER) | O1: VALOR 2024 | P1: VALOR 2025 | Q1: VALOR 2026 | R1: VALOR INTEGRALIDAD 2025 | S1: VALOR INTEGRALIDAD 2026 | T1: VALOR TOTAL UDS CON VIGENCIAS FUTURAS | U1: ZONA CON INTEGALIDAD | V1: ZONA CON INTEGRALIDAD | W1: UDS CON COMPONENTE DE ALIMENTACIÓN EJECUTADO POR EL ICBF | X1: UDS CON ARRIENDO
A2: 1305 | B2: 901097975 | C2: FUNDACION NARIÑO VERDE | D2: Nariño | E2: LOTE 2 | F2: Nariño | G2: Leiva | H2: CZ REMOLINO | I2: 524051131553 | J2: LEIVA / ARCOIRIS DE COLORES 4 | K2: VEREDA EL TABLON - CASA DE HABITACIÓN DE LA SEÑORA YOSER YURANY ÑAÑEZ DORADO, VIA PRINCIPAL | L2: DESARROLLO INFANTIL EN MEDIO FAMILIAR SIN ARRIENDO - FAMILIAR | M2: EDUCACIÓN INICIAL CAMPESINA A SIN RACION - PROPIA E INTERCULTURAL | N2: 24 | O2: 0 | P2: 52324632 | Q2: 0 | R2: 0 | S2: 0 | T2: 52324632 | V2: NO | W2: SI | X2: NO
A3: 1305 | B3: 901097975 | C3: FUNDACION NARIÑO VERDE | D3: Nariño | E3: LOTE 2 | F3: Nariño | G3: Leiva | H3: CZ REMOLINO | I3: 524051131554 | J3: LEIVA / MIS PEQUEÑOS GENIOS 1 | K3: VEREDA LA PLANADA CASA COMUNAL VIA PRINCIPAL LA PLANADA, AL RESPALDO DE LA CANCHA DE FUTBOL. | L3: DESARROLLO INFANTIL EN MEDIO FAMILIAR SIN ARRIENDO - FAMILIAR | M3: EDUCACIÓN INICIAL CAMPESINA A SIN RACION - PROPIA E INTERCULTURAL | N3: 20 | O3: 0 | P3: 43603860 | Q3: 0 | R3: 0 | S3: 0 | T3: 43603860 | V3: NO | W3: SI | X3: NO
A4: 1305 | B4: 901097975 | C4: FUNDACION NARIÑO VERDE | D4: Nariño | E4: LOTE 2 | F4: Nariño | G4: Leiva | H4: CZ REMOLINO | I4: 524051131555 | J4: LEIVA / MIS PEQUEÑOS GENIOS 3 | K4: VEREDA LOS PLANES CASA COMUNAL, AL LADO DEL POLIDEPORTIVO DE LA VEREDA | L4: DESARROLLO INFANTIL EN MEDIO FAMILIAR SIN ARRIENDO - FAMILIAR | M4: EDUCACIÓN INICIAL CAMPESINA A SIN RACION - PROPIA E INTERCULTURAL | N4: 12 | O4: 0 | P4: 26162316 | Q4: 0 | R4: 0 | S4: 0 | T4: 26162316 | V4: NO | W4: SI | X4: NO
A5: 1305 | B5: 901097975 | C5: FUNDACION NARIÑO VERDE | D5: Nariño | E5: LOTE 2 | F5: Nariño | G5: Leiva | H5: CZ REMOLINO | I5: 524051131556 | J5: LEIVA / ARCOIRIS DE COLORES 3 | K5: VEREDA EL CAJETO CENTRO EDUCATIVO LA INMACULADA AL LADO DEL POLIDEPORTIVO | L5: DESARROLLO INFANTIL EN MEDIO FAMILIAR SIN ARRIENDO - FAMILIAR | M5: EDUCACIÓN INICIAL CAMPESINA A SIN RACION - PROPIA E INTERCULTURAL | N5: 14 | O5: 0 | P5: 30522702 | Q5: 0 | R5: 0 | S5: 0 | T5: 30522702 | V5: NO | W5: SI | X5: NO
A6: 1305 | B6: 901097975 | C6: FUNDACION NARIÑO VERDE | D6: Nariño | E6: LOTE 2 | F6: Nariño | G6: Leiva | H6: CZ REMOLINO | I6: 524051131559 | J6: LEIVA / MIS PEQUEÑOS GENIOS 4 | K6: VEREDA VILLA ALTA - CASA DE HABITACIÓN RIGO HUMBERTO MORA | L6: DESARROLLO INFANTIL EN MEDIO FAMILIAR SIN ARRIENDO - FAMILIAR | M6: EDUCACIÓN INICIAL CAMPESINA A SIN RACION - PROPIA E INTERCULTURAL | N6: 6 | O6: 0 | P6: 13081158 | Q6: 0 | R6: 0 | S6: 0 | T6: 13081158 | V6: NO | W6: SI | X6: NO
A7: 1305 | B7: 901097975 | C7: FUNDACION NARIÑO VERDE | D7: Nariño | E7: LOTE 2 | F7: Nariño | G7: Leiva | H7: CZ REMOLINO | I7: 524051131560 | J7: LEIVA / MIS PEQUEÑOS GENIOS 5 | K7: VEREDA EL CAMPANARIO - IGLESIA PENTE COSTAL UNIDA DE COLOMBIA | L7: DESARROLLO INFANTIL EN MEDIO FAMILIAR SIN ARRIENDO - FAMILIAR | M7: EDUCACIÓN INICIAL CAMPESINA A SIN RACION - PROPIA E INTERCULTURAL | N7: 11 | O7: 0 | P7: 23982123 | Q7: 0 | R7: 0 | S7: 0 | T7: 23982123 | V7: NO | W7: SI | X7: NO
A8: 1305 | B8: 901097975 | C8: FUNDACION NARIÑO VERDE | D8: Nariño | E8: LOTE 2 | F8: Nariño | G8: Leiva | H8: CZ REMOLINO | I8: 524051131561 | J8: LEIVA / ARCOIRIS DE COLORES 2 | K8: VEREDA EL CEDRO CENTRO EDUCATIVO EL SAN ISIDRO, AL LADO DEL POLIDEPORTIVO | L8: DESARROLLO INFANTIL EN MEDIO FAMILIAR SIN ARRIENDO - FAMILIAR | M8: EDUCACIÓN INICIAL CAMPESINA A SIN RACION - PROPIA E INTERCULTURAL | N8: 17 | O8: 0 | P8: 37063281 | Q8: 0 | R8: 0 | S8: 0 | T8: 37063281 | V8: NO | W8: SI | X8: NO
A9: 1305 | B9: 901097975 | C9: FUNDACION NARIÑO VERDE | D9: Nariño | E9: LOTE 2 | F9: Nariño | G9: Leiva | H9: CZ REMOLINO | I9: 524051131820 | J9: LEIVA/CAPULLITOS DE FELICIDAD 1 | K9: VEREDA PUERTO NUEVO- CENTRO EDUCATIVO PUERTO NUEVO VIA PRINCIPAL | L9: DESARROLLO INFANTIL EN MEDIO FAMILIAR SIN ARRIENDO - FAMILIAR | M9: EDUCACIÓN INICIAL CAMPESINA A SIN RACION - PROPIA E INTERCULTURAL | N9: 21 | O9: 0 | P9: 45784053 | Q9: 0 | R9: 0 | S9: 0 | T9: 45784053 | V9: NO | W9: SI | X9: NO
A10: 1305 | B10: 901097975 | C10: FUNDACION NARIÑO VERDE | D10: Nariño | E10: LOTE 2 | F10: Nariño | G10: Leiva | H10: CZ REMOLINO | I10: 524051131823 | J10: LEIVA/CAPULLITOS DE FELICIDAD 2 | K10: CASETA DE LA SEÑORA LIBIA DIAZ-VEREDA SACHAMATES | L10: DESARROLLO INFANTIL EN MEDIO FAMILIAR SIN ARRIENDO - FAMILIAR | M10: EDUCACIÓN INICIAL CAMPESINA A - PROPIA E INTERCULTURAL | N10: 1 | O10: 0 | P10: 3623257 | Q10: 0 | R10: 0 | S10: 0 | T10: 3623257 | V10: NO | W10: NO | X10: NO
A11: 1305 | B11: 901097975 | C11: FUNDACION NARIÑO VERDE | D11: Nariño | E11: LOTE 2 | F11: Nariño | G11: Leiva | H11: CZ REMOLINO | I11: 524051131824 | J11: LEIVA/ANGELES DE AMOR 1 | K11: VEREDA CEDRAL BAJO -CENTRO EDUCATIVO SANTA ROSA | L11: DESARROLLO INFANTIL EN MEDIO FAMILIAR SIN ARRIENDO - FAMILIAR | M11: EDUCACIÓN INICIAL CAMPESINA A SIN RACION - PROPIA E INTERCULTURAL | N11: 7 | O11: 0 | P11: 15261351 | Q11: 0 | R11: 0 | S11: 0 | T11: 15261351 | V11: NO | W11: SI | X11: NO
A12: 1305 | B12: 901097975 | C12: FUNDACION NARIÑO VERDE | D12: Nariño | E12: LOTE 2 | F12: Nariño | G12: Leiva | H12: CZ REMOLINO | I12: 524051131854 | J12: LEIVA/CAPULLITOS DE FELICIDAD 5 | K12: VEREDA RAMOS CASA DE HABITACIÓN DEL SEÑOR MARTIN VILLARES VIA PRINCIPAL | L12: DESARROLLO INFANTIL EN MEDIO FAMILIAR SIN ARRIENDO - FAMILIAR | M12: EDUCACIÓN INICIAL CAMPESINA A SIN RACION - PROPIA E INTERCULTURAL | N12: 10 | O12: 0 | P12: 21801930 | Q12: 0 | R12: 0 | S12: 0 | T12: 21801930 | V12: NO | W12: SI | X12: NO
A13: 1305 | B13: 901097975 | C13: FUNDACION NARIÑO VERDE | D13: Nariño | E13: LOTE 2 | F13: Nariño | G13: Leiva | H13: CZ REMOLINO | I13: 524051131858 | J13: LEIVA/CAPULLITOS DE FELICIDAD 3 | K13: VEREDA LAS HUERTAS - CENTRO EDUCATIVO | L13: DESARROLLO INFANTIL EN MEDIO FAMILIAR SIN ARRIENDO - FAMILIAR | M13: EDUCACIÓN INICIAL CAMPESINA A SIN RACION - PROPIA E INTERCULTURAL | N13: 13 | O13: 0 | P13: 28342509 | Q13: 0 | R13: 0 | S13: 0 | T13: 28342509 | V13: NO | W13: SI | X13: NO
... A260: 1331 | B260: 814005979 | C260: FUNDACION ALLPA HUASI | D260: Nariño | E260: LOTE 2 | F260: Nariño | G260: La Union | H260: CZ LA UNION | I260: 5239900130621 | J260: CHISPITAS DE AMOR | K260: CL CARLOS LLERAS DIV 20 LA UNION 0 0 | L260: CDI CON ARRIENDO - INSTITUCIONAL | M260: CENTRO DE DESARROLLO INFANTIL CON ARRIENDO - INSTITUCIONAL | N260: 50 | O260: 0 | P260: 216470100 | Q260: 0 | R260: 0 | S260: 0 | T260: 216470100 | V260: NO | W260: NO | X260: SI
A261: 1332 | B261: 900631966-1 | C261: FUNDACION FUNPERS | D261: Nariño | E261: LOTE 2 | F261: Nariño | G261: Los Andes | H261: CZ PASTO 2 | I261: 524181151049 | J261: RAYITOS DE ALEGRIA | K261: VEREDA LA PLANADA - FRENTE AL COLEGIO | L261: DESARROLLO INFANTIL EN MEDIO FAMILIAR SIN ARRIENDO - FAMILIAR | M261: EDUCACIÓN INICIAL CAMPESINA A SIN RACION - PROPIA E INTERCULTURAL | N261: 17 | O261: 0 | P261: 37063281 | Q261: 0 | R261: 0 | S261: 0 | T261: 37063281 | V261: NO | W261: SI | X261: NO
A262: 1332 | B262: 900631966-1 | C262: FUNDACION FUNPERS | D262: Nariño | E262: LOTE 2 | F262: Nariño | G262: Los Andes | H262: CZ PASTO 2 | I262: 524181151050 | J262: MI MUNDO MAGICO | K262: SALON COMUNAL AL LADO DE LA INSTITUCUIN EDUCATIVA EL CRUCERO | L262: DESARROLLO INFANTIL EN MEDIO FAMILIAR SIN ARRIENDO - FAMILIAR | M262: EDUCACIÓN INICIAL CAMPESINA A SIN RACION - PROPIA E INTERCULTURAL | N262: 8 | O262: 0 | P262: 17441544 | Q262: 0 | R262: 0 | S262: 0 | T262: 17441544 | V262: NO | W262: SI | X262: NO
A263: 1332 | B263: 900631966-1 | C263: FUNDACION FUNPERS | D263: Nariño | E263: LOTE 2 | F263: Nariño | G263: Los Andes | H263: CZ PASTO 2 | I263: 524181151051 | J263: NOTAS DE AMOR Y ESPERANZA | K263: SC LA CARRERA CS SECTOR LA CARRERA CENTRO DE INTEGRACION LA CARRERA SOTOMAYOR | L263: DESARROLLO INFANTIL EN MEDIO FAMILIAR SIN ARRIENDO - FAMILIAR | M263: EDUCACIÓN INICIAL CAMPESINA B SIN RACION - PROPIA E INTERCULTURAL | N263: 18 | O263: 0 | P263: 40520718 | Q263: 0 | R263: 0 | S263: 0 | T263: 40520718 | V263: NO | W263: SI | X263: NO
A264: 1332 | B264: 900631966-1 | C264: FUNDACION FUNPERS | D264: Nariño | E264: LOTE 2 | F264: Nariño | G264: Los Andes | H264: CZ PASTO 2 | I264: 524181151053 | J264: CONSTRUYENDO FAMILIA | K264: POLIDEPORTIVO VEREDA VILLANUEVA | L264: DESARROLLO INFANTIL EN MEDIO FAMILIAR SIN ARRIENDO - FAMILIAR | M264: EDUCACIÓN INICIAL CAMPESINA A SIN RACION - PROPIA E INTERCULTURAL | N264: 19 | O264: 0 | P264: 41423667 | Q264: 0 | R264: 0 | S264: 0 | T264: 41423667 | V264: NO | W264: SI | X264: NO
A265: 1332 | B265: 900631966-1 | C265: FUNDACION FUNPERS | D265: Nariño | E265: LOTE 2 | F265: Nariño | G265: Los Andes | H265: CZ PASTO 2 | I265: 524181151054 | J265: PINTANDO SUEÑOS | K265: SC LA CARRERA CS SECTOR LA CARRERA CENTRO DE INTEGRACION LA CARRERA SOTOMAYOR | L265: DESARROLLO INFANTIL EN MEDIO FAMILIAR SIN ARRIENDO - FAMILIAR | M265: EDUCACIÓN INICIAL CAMPESINA B SIN RACION - PROPIA E INTERCULTURAL | N265: 17 | O265: 0 | P265: 38269567 | Q265: 0 | R265: 0 | S265: 0 | T265: 38269567 | V265: NO | W265: SI | X265: NO
A266: 1332 | B266: 900631966-1 | C266: FUNDACION FUNPERS | D266: Nariño | E266: LOTE 2 | F266: Nariño | G266: Los Andes | H266: CZ PASTO 2 | I266: 524181151055 | J266: LAZOS DE AMISTAD | K266: SC LA CARRERA CS SECTOR LA CARRERA CENTRO DE INTEGRACION LA CARRERA | L266: DESARROLLO INFANTIL EN MEDIO FAMILIAR SIN ARRIENDO - FAMILIAR | M266: EDUCACIÓN INICIAL CAMPESINA B SIN RACION - PROPIA E INTERCULTURAL | N266: 14 | O266: 0 | P266: 31516114 | Q266: 0 | R266: 0 | S266: 0 | T266: 31516114 | V266: NO | W266: SI | X266: NO
A267: 1332 | B267: 900631966-1 | C267: FUNDACION FUNPERS | D267: Nariño | E267: LOTE 2 | F267: Nariño | G267: Los Andes | H267: CZ PASTO 2 | I267: 524181151056 | J267: DEJANDO HUELLA | K267: SALON COMUNAL AL LADO DE LA INSTITUCUIN EDUCATIVA EL CRUCERO | L267: DESARROLLO INFANTIL EN MEDIO FAMILIAR SIN ARRIENDO - FAMILIAR | M267: EDUCACIÓN INICIAL CAMPESINA A SIN RACION - PROPIA E INTERCULTURAL | N267: 7 | O267: 0 | P267: 15261351 | Q267: 0 | R267: 0 | S267: 0 | T267: 15261351 | V267: NO | W267: SI | X267: NO
A268: 1332 | B268: 900631966-1 | C268: FUNDACION FUNPERS | D268: Nariño | E268: LOTE 2 | F268: Nariño | G268: Los Andes | H268: CZ PASTO 2 | I268: 524181151057 | J268: EXPLORANDO EMOCIONES | K268: VEREDA CAMPO BELLO - SALON SALIDA AL PITAL | L268: DESARROLLO INFANTIL EN MEDIO FAMILIAR SIN ARRIENDO - FAMILIAR | M268: EDUCACIÓN INICIAL CAMPESINA A SIN RACION - PROPIA E INTERCULTURAL | N268: 18 | O268: 0 | P268: 39243474 | Q268: 0 | R268: 0 | S268: 0 | T268: 39243474 | V268: NO | W268: SI | X268: NO
A269: 1332 | B269: 900631966-1 | C269: FUNDACION FUNPERS | D269: Nariño | E269: LOTE 2 | F269: Nariño | G269: Los Andes | H269: CZ PASTO 2 | I269: 524181153630 | J269: DESTELLOS DE AMOR | K269: SC LA CARRERA CS SECTOR LA CARRERA CENTRO DE INTEGRACION LA CARRERA SOTOMAYOR | L269: DESARROLLO INFANTIL EN MEDIO FAMILIAR SIN ARRIENDO - FAMILIAR | M269: EDUCACIÓN INICIAL CAMPESINA B SIN RACION - PROPIA E INTERCULTURAL | N269: 15 | O269: 0 | P269: 33767265 | Q269: 0 | R269: 0 | S269: 0 | T269: 33767265 | V269: NO | W269: SI | X269: NO
A270: 1332 | B270: 900631966-1 | C270: FUNDACION FUNPERS | D270: Nariño | E270: LOTE 2 | F270: Nariño | G270: Los Andes | H270: CZ PASTO 2 | I270: 524181153631 | J270: SUEÑOS DE NIÑOS | K270: SC LA CARRERA CS SECTOR LA CARRERA CENTRO DE INTEGRACION LA CARRERA SOTOMAYOR | L270: DESARROLLO INFANTIL EN MEDIO FAMILIAR SIN ARRIENDO - FAMILIAR | M270: EDUCACIÓN INICIAL CAMPESINA B SIN RACION - PROPIA E INTERCULTURAL | N270: 17 | O270: 0 | P270: 38269567 | Q270: 0 | R270: 0 | S270: 0 | T270: 38269567 | V270: NO | W270: SI | X270: NO
A271: 1332 | B271: 900631966-1 | C271: FUNDACION FUNPERS | D271: Nariño | E271: LOTE 2 | F271: Nariño | G271: Los Andes | H271: CZ PASTO 2 | I271: 5241800039904 | J271: CDI INFANTIL LOS ANGELES | K271: KR CS 496 | L271: CDI SIN ARRIENDO - INSTITUCIONAL | M271: CENTRO DE DESARROLLO INFANTIL A - INSTITUCIONAL | N271: 86 | O271: 0 | P271: 360241100 | Q271: 0 | R271: 0 | S271: 0 | T271: 360241100 | V271: NO | W271: NO | X271: NO
A272: 1332 | B272: 900631966-1 | C272: FUNDACION FUNPERS | D272: Nariño | E272: LOTE 2 | F272: Nariño | G272: Los Andes | H272: CZ PASTO 2 | I272: 5241800114113 | J272: SOÑADORES DEL MAÑANA | K272: CALLE PRINCIPAL BOMBONA | L272: CDI SIN ARRIENDO - INSTITUCIONAL | M272: CENTRO DE DESARROLLO INFANTIL A - INSTITUCIONAL | N272: 66 | O272: 0 | P272: 276464100 | Q272: 0 | R272: 0 | S272: 0 | T272: 276464100 | V272: NO | W272: NO | X272: NO
A273: 1335 | B273: 901249645 | C273: FUNDACION PARA EL DESARROLLO SOCIAL E INTEGRAL DEL PACIFICO SUR | D273: Nariño | E273: LOTE 2 | F273: Nariño | G273: Olaya Herrera | H273: CZ TUMACO | I273: 524901152391 | J273: GOTITAS DE AMOR | K273: VEREDA SANTA MARIA | L273: EDUCACIÓN INICIAL RURAL DISPERSA - FAMILIAR | M273: EDUCACIÓN INICIAL CAMPESINA A SIN RACION - PROPIA E INTERCULTURAL | N273: 8 | O273: 0 | P273: 17441544 | Q273: 0 | R273: 0 | S273: 0 | T273: 17441544 | V273: NO | W273: SI | X273: NO
A274: 1335 | B274: 901249645 | C274: FUNDACION PARA EL DESARROLLO SOCIAL E INTEGRAL DEL PACIFICO SUR | D274: Nariño | E274: LOTE 2 | F274: Nariño | G274: Olaya Herrera | H274: CZ TUMACO | I274: 524901152393 | J274: TAMBORCITO ENCANTADO | K274: VEREDA EL CARMEN | L274: EDUCACIÓN INICIAL RURAL DISPERSA - FAMILIAR | M274: EDUCACIÓN INICIAL CAMPESINA A SIN RACION - PROPIA E INTERCULTURAL | N274: 16 | O274: 0 | P274: 34883088 | Q274: 0 | R274: 0 | S274: 0 | T274: 34883088 | V274: NO | W274: SI | X274: NO
A275: 1335 | B275: 901249645 | C275: FUNDACION PARA EL DESARROLLO SOCIAL E INTEGRAL DEL PACIFICO SUR | D275: Nariño | E275: LOTE 2 | F275: Nariño | G275: Olaya Herrera | H275: CZ TUMACO | I275: 524901152394 | J275: CARITA DE ANGEL | K275: VEREDA VUELTA LARGA | L275: EDUCACIÓN INICIAL RURAL DISPERSA - FAMILIAR | M275: EDUCACIÓN INICIAL CAMPESINA A SIN RACION - PROPIA E INTERCULTURAL | N275: 16 | O275: 0 | P275: 34883088 | Q275: 0 | R275: 0 | S275: 0 | T275: 34883088 | V275: NO | W275: SI | X275: NO
A276: 1335 | B276: 901249645 | C276: FUNDACION PARA EL DESARROLLO SOCIAL E INTEGRAL DEL PACIFICO SUR | D276: Nariño | E276: LOTE 2 | F276: Nariño | G276: Olaya Herrera | H276: CZ TUMACO | I276: 5249000040873 | J276: EL POLI | K276: BARRIO EL POLI CERCA DEL COLEGIO EMMANUEL, EL ACUEDUTO Y LA BIBLIOTECA MUNICIPAL | L276: CDI SIN ARRIENDO - INSTITUCIONAL | M276: CENTRO DE DESARROLLO INFANTIL A SIN RACION - INSTITUCIONAL | N276: 59 | O276: 0 | P276: 174445654 | Q276: 0 | R276: 0 | S276: 0 | T276: 174445654 | V276: NO | W276: SI | X276: NO
A277: 1335 | B277: 901249645 | C277: FUNDACION PARA EL DESARROLLO SOCIAL E INTEGRAL DEL PACIFICO SUR | D277: Nariño | E277: LOTE 2 | F277: Nariño | G277: Olaya Herrera | H277: CZ TUMACO | I277: 5249000040907 | J277: EL PALOMO | K277: SAN JOSE CALABAZAL | L277: CDI SIN ARRIENDO - INSTITUCIONAL | M277: CENTRO DE DESARROLLO INFANTIL A SIN RACION - INSTITUCIONAL | N277: 19 | O277: 0 | P277: 56177414 | Q277: 0 | R277: 0 | S277: 0 | T277: 56177414 | V277: NO | W277: SI | X277: NO
A278: 1335 | B278: 901249645 | C278: FUNDACION PARA EL DESARROLLO SOCIAL E INTEGRAL DEL PACIFICO SUR | D278: Nariño | E278: LOTE 2 | F278: Nariño | G278: Olaya Herrera | H278: CZ TUMACO | I278: 5249000040943 | J278: EL NUEVO RENACER | K278: VEREDA SAN JOSE LA TURBIA | L278: CDI SIN ARRIENDO - INSTITUCIONAL | M278: CENTRO DE DESARROLLO INFANTIL A SIN RACION - INSTITUCIONAL | N278: 22 | O278: 0 | P278: 65047532 | Q278: 0 | R278: 0 | S278: 0 | T278: 65047532 | V278: NO | W278: SI | X278: NO
A279: 1335 | B279: 901249645 | C279: FUNDACION PARA EL DESARROLLO SOCIAL E INTEGRAL DEL PACIFICO SUR | D279: Nariño | E279: LOTE 2 | F279: Nariño | G279: Olaya Herrera | H279: CZ TUMACO | I279: 5249000044100 | J279: LA ESPERANZA | K279: ET SAN MARTIN 2 1 1 45 0 FRENTE AL CONSULTORIOMEDICOAHITOR | L279: CDI SIN ARRIENDO - INSTITUCIONAL | M279: CENTRO DE DESARROLLO INFANTIL A SIN RACION - INSTITUCIONAL | N279: 180 | O279: 0 | P279: 532207080 | Q279: 0 | R279: 0 | S279: 0 | T279: 532207080 | V279: NO | W279: SI | X279: NO
A280: 1335 | B280: 901249645 | C280: FUNDACION PARA EL DESARROLLO SOCIAL E INTEGRAL DEL PACIFICO SUR | D280: Nariño | E280: LOTE 2 | F280: Nariño | G280: Olaya Herrera | H280: CZ TUMACO | I280: 5249000049533 | J280: DERTEMIFLOR | K280: VEREDA CALABAZAL | L280: CDI SIN ARRIENDO - INSTITUCIONAL | M280: CENTRO DE DESARROLLO INFANTIL A SIN RACION - INSTITUCIONAL | N280: 44 | O280: 0 | P280: 130095064 | Q280: 0 | R280: 0 | S280: 0 | T280: 130095064 | V280: NO | W280: SI | X280: NO
A281: 1335 | B281: 901249645 | C281: FUNDACION PARA EL DESARROLLO SOCIAL E INTEGRAL DEL PACIFICO SUR | D281: Nariño | E281: LOTE 2 | F281: Nariño | G281: Olaya Herrera | H281: CZ TUMACO | I281: 5249000049596 | J281: LA UNION | K281: VEREDA BOCA DE PRIETA | L281: CDI SIN ARRIENDO - INSTITUCIONAL | M281: CENTRO DE DESARROLLO INFANTIL A SIN RACION - INSTITUCIONAL | N281: 21 | O281: 0 | P281: 62090826 | Q281: 0 | R281: 0 | S281: 0 | T281: 62090826 | V281: NO | W281: SI | X281: NO
A282: 1335 | B282: 901249645 | C282: FUNDACION PARA EL DESARROLLO SOCIAL E INTEGRAL DEL PACIFICO SUR | D282: Nariño | E282: LOTE 2 | F282: Nariño | G282: Olaya Herrera | H282: CZ TUMACO | I282: 5249000054669 | J282: EL LUCERO | K282: VEREDA LAS MARIAS | L282: CDI SIN ARRIENDO - INSTITUCIONAL | M282: CENTRO DE DESARROLLO INFANTIL A SIN RACION - INSTITUCIONAL | N282: 29 | O282: 0 | P282: 85744474 | Q282: 0 | R282: 0 | S282: 0 | T282: 85744474 | V282: NO | W282: SI | X282: NO
A283: 1335 | B283: 901249645 | C283: FUNDACION PARA EL DESARROLLO SOCIAL E INTEGRAL DEL PACIFICO SUR | D283: Nariño | E283: LOTE 2 | F283: Nariño | G283: Olaya Herrera | H283: CZ TUMACO | I283: 5249000099765 | J283: LOS ANGELES | K283: CL BARRIO LA NUEVA ESPERANZA CERCA DE LA CANCHALALOMITA 1 1 | L283: CDI SIN ARRIENDO - INSTITUCIONAL | M283: CENTRO DE DESARROLLO INFANTIL A SIN RACION - INSTITUCIONAL | N283: 66 | O283: 0 | P283: 195142596 | Q283: 0 | R283: 0 | S283: 0 | T283: 195142596 | V283: NO | W283: SI | X283: NO
A284: 1335 | B284: 901249645 | C284: FUNDACION PARA EL DESARROLLO SOCIAL E INTEGRAL DEL PACIFICO SUR | D284: Nariño | E284: LOTE 2 | F284: Nariño | G284: Olaya Herrera | H284: CZ TUMACO | I284: 5249000104464 | J284: EL SABER DE LOS NIÑOS | K284: VEREDA MERIZALDE PORVENIR | L284: CDI SIN ARRIENDO - INSTITUCIONAL | M284: CENTRO DE DESARROLLO INFANTIL A SIN RACION - INSTITUCIONAL | N284: 28 | O284: 0 | P284: 82787768 | Q284: 0 | R284: 0 | S284: 0 | T284: 82787768 | V284: NO | W284: SI | X284: NO
... A463: 1367 | B463: 840000388 | C463: ASOCIACION DE PADRES DE FAMILIA HOGAR INFANITIL VILLALOLA | D463: Nariño | E463: LOTE 2 | F463: Nariño | G463: San Andres De Tumaco | H463: CZ TUMACO | I463: 5283500103356 | J463: CDI SUEÑOS INFANTILES | K463: BARRIO LA CALAVERA POR LA BOMBA | L463: CDI CON ARRIENDO - INSTITUCIONAL | M463: CENTRO DE DESARROLLO INFANTIL CON ARRIENDO - INSTITUCIONAL | N463: 69 | O463: 0 | P463: 298728738 | Q463: 0 | R463: 0 | S463: 0 | T463: 298728738 | V463: NO | W463: NO | X463: SI
